 Dungeon Crawl Stone Soup version 0.30-a0-1050-g2766ea1e55 (webtiles) character file.

Game seed: 6081428680152415484

6543468 ANON1729 the Cloud Mage (level 27, 260/260 HPs)
             Began as a Red Draconian Transmuter on Apr 9, 2023.
             Was the Champion of Fedhas.
             Escaped with the Orb
             ... and 11 runes on Apr 12, 2023!
             The game lasted 11:16:24 (149842 turns).

ANON1729 the Cloud Mage (DrTm)                    Turns: 149842, Time: 11:16:25

Health: 260/260    AC: 21    Str: 13 (16) XL:     27
Magic:  50/50      EV: 22    Int: 28 (29) God:    Fedhas [******]
Gold:   10670      SH:  4    Dex: 12 (15) Spells: 3/72 levels left

rFire   + + .      SeeInvis .    a - staff of air "Biwnau Veeme" {rElec Int+5}
rCold   . . .      Faith    .    (no shield)
rNeg    . . .      Spirit   +    (body armour unavailable)
rPois   .          Reflect  .    N - +2 hat of the Bear Spirit {Spirit, Bear, *Rage Will++}
rElec   +          Rampage  .    Y - scarf {+Inv}
rCorr   +          Archmagi +    S - +2 pair of gloves {Dex+3}
Will    ++++.      Rage     20%  J - +2 pair of boots {Stlth+}
Stlth   +++                      i - amulet of the Air {Inacc Air Fly rElec RMsl}
HPRegen 0.63/turn                h - ring of Yqonol {Fire Fly rCorr Stlth+}
MPRegen 0.32/turn                x - ring of the Mage {Wiz Archmagi}

@: wereblooded (expiring), flying, repel missiles
A: breathe fire, AC +13, unfitting armour, fire resistance 1, cold-blooded,
horns 2, large bone plates 1, cold resistance 1, mutation resistance 1, no
potion heal 1
0: Orb of Zot
}: 11/15 runes: decaying, slimy, silver, icy, abyssal, demonic, glowing,
magical, fiery, dark, gossamer
a: Breathe Fire, Renounce Religion, Evoke Invisibility, Wall of Briars, Grow
Ballistomycete, Overgrow, Grow Oklob


You escaped.
You worshipped Fedhas.
Fedhas was exalted by your worship.
You visited 17 branches of the dungeon, and saw 75 of its levels.
You visited Pandemonium 3 times, and saw 22 of its levels.
You visited the Abyss 2 times.
You completed 1 ziggurat, and saw 27 of its levels.
You also visited: Sewer, Gauntlet and Wizlab.

You collected 14073 gold pieces.
You spent 3403 gold pieces at shops.

Inventory:

Missiles
 g - 12 curare-tipped darts
 k - 21 atropa-tipped darts
 C - 4 throwing nets
Armour
 y - the +3 crown of Dyrovepreva {rElec Int+2 SInv}
   (You bought it in a shop on level 2 of the Orcish Mines)

   Int:       It affects your intelligence (+2).
   rElec:     It insulates you from electricity.
   SInv:      It lets you see invisible.
 J - a +2 pair of boots of stealth (worn)
 N - the +2 hat of the Bear Spirit (worn) {Spirit, Bear, *Rage Will++}
   (You found it on level 2 of the Depths)

   Bear:      Going berserk makes the wearer exceptionally tough, and they are
   slowed for a shorter time afterward.
   *Rage:     It berserks you when you make melee attacks (+20% chance).
   Will:      It greatly increases your willpower.
 S - a +2 pair of gloves of dexterity (worn)
 Y - a scarf of invisibility (worn)
Magical Staves
 a - the staff of air "Biwnau Veeme" (weapon) {rElec Int+5}
   (You found it on level 25 of a ziggurat)

   [staff of air]

   Base accuracy: +5 Base damage: 5 Base attack delay: 1.2 This weapon's minimum
   attack delay (0.6) is reached at skill level 12.
   Int:       It affects your intelligence (+5).
   rElec:     It insulates you from electricity.
   It falls into the 'Staves' category.
   It is a one-handed weapon.
Jewellery
 h - the ring of Yqonol (left hand) {Fire Fly rCorr Stlth+}
   (You took it off a hell knight on level 5 of the Vaults)

   [ring of fire]

   It enhances your fire magic.
   rF:        It protects you from fire.
   rC:        It makes you vulnerable to cold.
   Fly:       It grants you flight.
   rCorr:     It protects you from acid and corrosion.
   Stlth:     It makes you more stealthy.
 i - the amulet of the Air (around neck) {Inacc Air Fly rElec RMsl}
   (You took it off a deep elf annihilator on level 3 of the Elven Halls)

   [amulet of nothing]

   Inacc:     It reduces the accuracy of your attacks and spells.
   Air:       It enhances your air magic.
   rElec:     It insulates you from electricity.
   Fly:       It grants you flight.
   RMsl:      It protects you from missiles.
 u - the ring "Keragyrgh" {rElec rF+ MP+9 Dex-2}
   (You acquired it on level 24 of a ziggurat)

   [ring of protection from fire]

   Dex:       It affects your dexterity (-2).
   rF:        It protects you from fire.
   rElec:     It insulates you from electricity.
   MP:        It affects your magic capacity (+9).
 x - the ring of the Mage (right hand) {Wiz Archmagi}
   (You found it on level 7 of a ziggurat)

   [ring of wizardry]

   It improves your spell success rate.
   Archmagi:  It increases the power of your magical spells.
 A - the ring "Ypetefu" {+Blink Str+6 Int+2}
   (You found it on level 27 of a ziggurat)

   [ring of strength]

   Str:       It affects your strength (+6).
   Int:       It affects your intelligence (+2).
   +Blink:    It lets you blink.
 I - the dreamshard necklace {*Dream Drain}
   (You found it on level 7 of Cocytus)

   [amulet of nothing]

   *Dream:    It shatters if its wearer takes lethal or near-lethal damage,
   preventing the blow and releasing protective dreams that heal and fight for
   the wearer.
   Drain:     It drains your maximum health when unequipped.
 K - the ring "Jacomm" {rF+ rC+ SInv}
   (You found it on level 18 of a ziggurat)

   [ring of see invisible]

   rF:        It protects you from fire.
   rC:        It protects you from cold.
   SInv:      It lets you see invisible.
 Z - the ring "Ethuf" {MP+9 Dex+6 Stlth+}
   (You found it on level 13 of a ziggurat)

   [ring of dexterity]

   Dex:       It affects your dexterity (+6).
   MP:        It affects your magic capacity (+9).
   Stlth:     It makes you more stealthy.
Wands
 f - a wand of acid (44)
 L - a wand of iceblast (18)
 V - a wand of digging (1)
 W - a wand of charming (36)
Scrolls
 b - 14 scrolls of fog
 d - 38 scrolls of teleportation
 e - 8 scrolls of magic mapping
 l - 4 scrolls of butterflies
 m - 14 scrolls of immolation
 n - 14 scrolls of silence
 o - 8 scrolls of poison
 s - 14 scrolls of fear
 z - 11 scrolls of amnesia
 G - 16 scrolls of vulnerability
 U - 8 scrolls of blinking
Potions
 c - 10 potions of attraction
 j - 11 potions of mutation
 p - 10 potions of might
 q - 4 potions of haste
 t - 14 potions of berserk rage
 v - 8 potions of cancellation
 w - 8 potions of brilliance
 B - 5 potions of heal wounds
 D - 6 potions of resistance
 H - 16 potions of lignification
 O - 5 potions of magic
 P - 4 potions of invisibility
 T - 21 potions of curing
Miscellaneous
 r - a condenser vane
 E - a box of beasts
 F - a tin of tremorstones (2/2)
 M - a phial of floods
 Q - a +1 figurine of a ziggurat
 R - a phantom mirror


   Skills:
 - Level 23.9 Fighting
 + Level 23.3 Dodging
 + Level 20.4 Stealth
 - Level 24.4 Unarmed Combat
 + Level 23.1 Spellcasting
 - Level 21.5 Conjurations
 * Level 18.4 Necromancy
 - Level 5.0 Translocations
 - Level 20.0 Transmutations
 - Level 23.0 Fire Magic
 - Level 24.5 Air Magic
 - Level 7.0 Poison Magic
 - Level 19.0 Invocations
 - Level 17.3 Evocations


You had 3 spell levels left.
You knew the following spells:

 Your Spells              Type           Power      Damage    Failure   Level
a - Storm Form            Tmut/Air       88%        N/A       1%          7
b - Wereblood             Tmut           100%       N/A       0%          2
c - Irradiate             Conj/Tmut      61%        3d32      0%          5
d - Maxwell's Capacitive  Air            90%        ∞         1%          8
e - Necromutation         Tmut/Necr      59%        N/A       1%          8
f - Plasma Beam           Fire/Air       90%        2x1d119   0%          6
g - Swiftness             Air            100%       N/A       0%          3
h - Passwall              Tmut/Erth      77%        N/A       1%          2
i - Blink                 Tloc           100%       N/A       1%          2
j - Ignition              Fire           76%        3d20      1%          8
k - Chain Lightning       Conj/Air       89%        3d118     3%          9
l - Apportation           Tloc           100%       N/A       1%          1
m - Borgnjor's Revivific  Necr           58%        N/A       1%          8

Your spell library contained the following spells:

 Spells                   Type           Power      Damage    Failure   Level
 Beastly Appendage        Tmut           100%       N/A       0%          1
 Foxfire                  Conj/Fire      100%       2x1d9     0%          1
 Kiss of Death            Conj/Necr      100%       2d13      0%          1
 Magic Dart               Conj           100%       1d8       0%          1
 Necrotise                Necr           100%       1d9       0%          1
 Shock                    Conj/Air       100%       1d9       0%          1
 Sting                    Tmut/Pois      100%       1d8       0%          1
 Cigotuvi's Dreadful Rot  Necr/Pois/Air  100%       N/A       0%          2
 Momentum Strike          Conj/Tloc      100%       3d10      0%          2
 Poisonous Vapours        Pois/Air       100%       N/A       0%          2
 Scorch                   Fire           100%       2d9       0%          2
 Static Discharge         Conj/Air       100%       2-7/arc   0%          2
 Sublimation of Blood     Necr           100%       N/A       0%          2
 Ignite Poison            Fire/Tmut/Pois 100%       N/A       0%          3
 Mephitic Cloud           Conj/Pois/Air  100%       N/A       0%          3
 Spider Form              Tmut/Pois      100%       N/A       0%          3
 Vhi's Electric Charge    Tloc/Air       100%       N/A       0%          3
 Volatile Blastmotes      Fire/Tloc      100%       2d18      0%          3
 Freeze                   Ice            100%       1d10      1%          1
 Sandblast                Erth           96%        2d20      1%          1
 Summon Small Mammal      Summ           100%       N/A       1%          1
 Call Imp                 Summ           96%        N/A       1%          2
 Ensorcelled Hibernation  Hex/Ice        96%        N/A       1%          2
 Lesser Beckoning         Tloc           100%       N/A       1%          2
 Call Canine Familiar     Summ           48%        N/A       1%          3
 Dazzling Flash           Conj/Hex       100%       N/A       1%          3
 Frozen Ramparts          Ice            96%        1d15      1%          3
 Gell's Gravitas          Tloc           74%        N/A       1%          3
 Hailstorm                Conj/Ice       95%        3d19      1%          3
 Inner Flame              Hex/Fire       100%       N/A       1%          3
 Ozocubu's Armour         Ice            48%        N/A       1%          3
 Portal Projectile        Hex/Tloc       100%       N/A       1%          3
 Stone Arrow              Conj/Erth      100%       3d13      1%          3
 Summon Guardian Golem    Hex/Summ       48%        N/A       1%          3
 Teleport Other           Tloc           74%        N/A       1%          3
 Airstrike                Air            90%        2d(13-29) 0%          4
 Animate Dead             Necr           100%       N/A       0%          4
 Flame Wave               Conj/Fire      100%       2d21      0%          4
 Sticky Flame             Conj/Fire      100%       2d11      0%          4
 Agony                    Necr           100%       N/A       0%          5
 Arcjolt                  Conj/Air       89%        1d99      0%          5
 Blade Hands              Tmut           60%        N/A       0%          5
 Fireball                 Conj/Fire      75%        3d28      0%          5
 Iskenderun's Battlesphe  Conj           100%       2d15      0%          5
 Conjure Ball Lightning   Conj/Air       89%        3x3d33    0%          6
 Starburst                Conj/Fire      75%        6d19      0%          6
 Anguish                  Hex/Necr       45%        N/A       1%          4
 Ice Form                 Ice/Tmut       93%        N/A       1%          4
 Manifold Assault         Tloc           74%        N/A       1%          4
 Olgreb's Toxic Radiance  Pois           82%        N/A       1%          4
 Petrify                  Tmut/Erth      93%        N/A       1%          4
 Summon Lightning Spire   Summ/Air       100%       N/A       1%          4
 Alistair's Intoxication  Tmut/Pois      69%        N/A       1%          5
 Borgnjor's Vile Clutch   Necr/Erth      45%        N/A       1%          5
 Freezing Cloud           Conj/Ice/Air   79%        6-21      1%          5
 Silence                  Hex/Air        74%        N/A       1%          5
 Death Channel            Necr           58%        N/A       1%          6
 Eringya's Noxious Bog    Tmut/Pois      52%        N/A       1%          6
 Iron Shot                Conj/Erth      47%        9d9       1%          6
 Simulacrum               Ice/Necr       45%        N/A       1%          6
 Statue Form              Tmut/Erth      62%        N/A       1%          6
 Dragon Form              Tmut           60%        N/A       1%          7
 Orb of Destruction       Conj           62%        9d15      1%          7
 Infestation              Necr           58%        N/A       1%          8
 Cause Fear               Hex            24%        N/A       4%          4
 Leda's Liquefaction      Hex/Erth       24%        N/A       4%          4
 Summon Ice Beast         Ice/Summ       48%        N/A       4%          4
 Summon Forest            Summ/Tloc      31%        N/A       4%          5
 Spellforged Servitor     Conj/Summ      47%        N/A       4%          7
 Fire Storm               Conj/Fire      75%        8d19      4%          9
 Dispersal                Tloc           37%        N/A       9%          6
 Haunt                    Necr/Summ      45%        N/A       9%          7
 Lee's Rapid Deconstruct  Erth           24%        3d13*     12%         5
 Metabolic Englaciation   Hex/Ice        24%        N/A       12%         5
 Summon Mana Viper        Hex/Summ       48%        N/A       12%         5
 Death's Door             Necr           58%        N/A       22%         9
 Lehudib's Crystal Spear  Conj/Erth      47%        10d11     32%         8
 Summon Cactus Giant      Summ           24%        N/A       52%         6
 Malign Gateway           Summ/Tloc      31%        N/A       75%         7
 Enfeeble                 Hex            24%        N/A       96%         7
 Monstrous Menagerie      Summ           24%        N/A       96%         7
 Ozocubu's Refrigeration  Ice            24%        4d12      96%         7
 Summon Hydra             Summ           24%        N/A       96%         7
 Disjunction              Tloc           37%        N/A       96%         8
 Discord                  Hex            24%        N/A       100%        8
 Summon Horrible Things   Summ           24%        N/A       100%        8
 Polar Vortex             Ice            24%        N/A       100%        9
 Shatter                  Erth           24%        3d21*     100%        9
 Animate Armour           Summ/Erth      Unusable   N/A       N/A         4

Dungeon Overview and Level Annotations

Branches:
Dungeon (15/15)            Temple (1/1) D:7            Lair (5/5) D:8
  Swamp (4/4) Lair:3       Spider (4/4) Lair:2        Slime (5/5) Lair:4
    Orc (2/2) D:10            Elf (3/3) Orc:2        Vaults (5/5) D:13
  Crypt (3/3) Vaults:2       Tomb (1/3) Crypt:3      Depths (4/4) D:15
   Hell (visited)             Dis (4/7) Hell            Geh (0/7) Hell
    Coc (7/7) Hell            Tar (6/7) Hell            Zot (5/5) Depths:4
  Sewer (visited)          WizLab (visited)         Gauntlet (visited)

Altars:
Ashenzari
Cheibriados
Dithmenos
Elyvilon
Fedhas
Gozag
Hepliaklqana
Kikubaaqudgha
Makhleb
Nemelex Xobeh
Qazlal
Sif Muna
Trog
Uskayaw
Vehumet
Wu Jian
Yredelemnul
Zin
The Shining One
Jiyva

Shops:
D:8 (   Orc:1 :   Orc:2 [(:*   Elf:1 [   Elf:2 [!*:   Vaults:3 (

Portals:
Hell: Depths:1 Depths:2 Depths:3 Depths:4
Abyss: Depths:3
Pandemonium: Depths:1 Depths:2 Depths:4
Trove: Vaults:4 (give 19 potions of curing)

Annotations:
Spider:4 exclusion: door
Crypt:3 Grunn


Innate Abilities, Weirdness & Mutations

You can breathe blasts of fire.
Your fiery red scales are hard. (AC +13)
You cannot fit into any form of body armour.
Your flesh is heat resistant. (rF+)
You are cold-blooded and may be slowed by cold attacks.
You have a pair of horns on your head.
You are partially covered in large bone plates. (SH +4)
Your flesh is cold resistant. (rC+)
You are somewhat resistant to further mutation.
Potions are less effective at restoring your health.


Message History

Where to? (Enter - D:1, ? - help)
Okay, then.
You bellow as the wereblood boils in your veins!
The hellephant moves out of view.
There is a stone staircase leading up here.
You fly upwards.
There is a stone staircase leading down here.
(D) Dungeon (T) Temple (L) Lair (S) Swamp (N) Spider Nest (M) Slime Pits (O) Orcish Mines (E) Elven Halls (V) Vaults (C) Crypt (W) Tomb (U) Depths (H) Hell (I) Dis (G) Gehenna (X) Cocytus (Y) Tartarus (Z) Zot
Where to? (Enter - D:1, ? - help)
What level of the Dungeon? (default 1, ? - help)
There is an open door here.
You bellow as the wereblood boils in your veins!
Your transformation is almost over.
There is an open door here.
A red devil comes into view.
It is wielding a +2 demon trident of venom.
There is a stone staircase leading up here.
You fly upwards.
Your transformation has ended.
The staff of air "Biwnau Veeme" {rElec Int+5} unmelds from your body.
Your scarf of invisibility unmelds from your body.
The +2 hat of the Bear Spirit {Spirit, Bear, *Rage Will++} unmelds from your body.
Your +2 pair of gloves of dexterity unmelds from your body.
Your +2 pair of boots of stealth unmelds from your body.
You become transparent for a moment.
You feel spirits watching over you.
You feel agile.
You feel stealthy.
There is a stone staircase leading down here.
You howl as the wereblood boils in your veins!
You howl as the wereblood boils in your veins!
You howl as the wereblood boils in your veins!
HP restored.
You fly carefully through the plants.
Your primal bloodlust is almost over.
Magic restored.
There is a staircase leading out of the dungeon here.
You have escaped!

##.........##### #.# ##..##
##.#.#####.....# ####.#######...
.÷...# #####.# #............##
##.### ##.####.############ #..##
##........###### ##>#.##
##.....PPb......# #..##.###
#....P♣PPPP..⌠#.# ........#
#..P..P♣♣⌠PP....#
#.....#.###P♣P..@.♣♣P♣.P..#######
#...........PPPP.b♣P.P...........
.....##.###...P...PP.⌠b⌠..#######
.....##.# ##...P..........#
##.#.##.# #...........#.###
........# #.P...........###
##.#.#### #.P♣PP....###)..#
.....# #.P♣P♣P..## ###.# #...##
#⌠.♣.P...# #.#


There were no monsters in sight!

Vanquished Creatures
  Cerebov (Pan)
  Antaeus (Coc:7)
  the Royal Jelly (Slime:5)
  Gloorx Vloq (Pan)
  Ignacio (Pan)
  Mnoleg (Pan)
  Lom Lobon (Pan)
  8 dread liches
  9 ancient liches
  Tiamat (Zot:4)
  8 orbs of fire
  4 juggernauts
  The ghost of Adaxemni the Impregnable, a legendary GrFi of Qazlal (Zot:2)
  14 royal mummies
  11 pandemonium lords
  7 Killer Klowns
  Margery (Depths:3)
  19 shard shrikes
  Saint Roka (Depths:1)
  Xtahua (Depths:3)
  19 caustic shrikes
  7 curse toes
  Geryon (Hell)
  The ghost of Melaul the Peltast, a veteran FoVM of Cheibriados (Crypt:2)
  27 golden dragons
  6 profane servitors
  18 bone dragons
  Nikola (Swamp:1)
  6 doom hounds
  9 Tzitzimimeh
  4 electric golems
  An iron giant (Dis:2)
  5 hellephants
  24 Ice Fiends
  Jorgrun (Spider:1)
  10 Brimstone Fiends (Pan)
  3 Hell Sentinels (Pan)
  25 Orb Guardians (Zot:5)
  A moon troll (WizLab)
  A spectral shard shrike (Tar:4)
  Zenata (Vaults:4)
  5 tainted leviathans
  7 liches
  12 quicksilver dragons
  24 tentacled monstrosities
  7 deep elf master archers
  16 titans
  6 deep elf blademasters
  17 acid blobs
  49 Executioners
  A searing wretch (Zig:26)
  A sphinx (shapeshifter) (Zig:14)
  32 tentacled starspawn
  19 ancient champions
  2 walking divine tomes (Zig:22)
  15 sphinxes
  A storm dragon (shapeshifter) (Abyss:3)
  8 death cobs
  15 storm dragons
  9 tengu reavers
  A fenstrider witch (Swamp:4)
  10 azure jellies
  7 draconian monks
  10 rockslimes
  8 narguns
  A daeva (Abyss:3)
  6 draconian knights
  25 nagarajas
  18 shadow dragons
  8 fire giants
  9 revenants
  16 vault wardens
  5 demonspawn warmongers (Pan)
  12 frost giants
  3 iron dragons
  6 draconian scorchers
  A quicksilver elemental (Dis:1)
  Louise (Spider:3)
  An iron dragon (shapeshifter) (Zig:14)
  9 emperor scorpions
  3 curse skulls
  11 deep elf sorcerers
  A caustic shrike zombie (Abyss:3)
  37 ghost moths
  41 balrugs
  10 draconian shifters
  15 shard shrike simulacra
  2 spectral caustic shrikes
  Aizul (Spider:2)
  6 orc warlords
  6 ghouls
  16 reapers
  24 cacodemons
  12 draconian stormcallers
  An angel (Abyss:3)
  8 demonspawn corrupters
  13 stone giants
  7 draconian annihilators
  10 quicksilver oozes
  7 broodmothers
  29 elemental wellsprings
  13 war gargoyles
  21 ironbound preservers
  39 very ugly things
  4 deep elf elementalists
  8 vampire knights
  An ophan (Abyss:3)
  A broodmother (shapeshifter) (Zig:21)
  6 demonspawn blood saints (Pan)
  10 green draconians
  22 deep elf demonologists
  20 lorocyprocas
  8 ironbound thunderhulks
  An eleionoma (shapeshifter) (Zig:14)
  13 black draconians
  8 purple draconians
  14 deep elf annihilators
  22 wendigos
  12 putrid mouths
  7 red draconians
  An eleionoma (Zig:24)
  8 demonspawn black suns (Pan)
  17 dire elephants
  20 deep elf death magi
  A minotaur (Gauntlet)
  6 bennus (Tomb:1)
  6 bunyips
  4 spark wasps
  15 white draconians
  5 yellow draconians
  9 eidola
  5 iron golems
  A merfolk impaler (Zig:7)
  30 blizzard demons
  34 green deaths
  A merfolk javelineer (Depths:2)
  10 mummy priests
  15 ettins
  23 yaktaur captains
  4 crystal guardians
  A spectral quicksilver dragon (Tar:3)
  12 jiangshi
  22 entropy weavers
  23 deep elf high priests
  7 fire dragons
  A quicksilver dragon skeleton (Crypt:1)
  6 spectral spriggans
  19 great orbs of eyes
  34 vault guards
  Josephine (Lair:3)
  2 peacekeepers (Vaults:3)
  3 spriggan zombies
  8 rakshasas
  14 caustic shrike simulacra
  27 hydras
  17 ice dragons
  3 ogre magi
  15 radroaches
  20 salamander tyrants
  10 centaur warriors
  5 spriggan air magi
  2 ghost crabs
  4 anacondas
  4 spriggan skeletons
  11 juggernaut simulacra
  2 hell beasts
  13 ironbound frosthearts
  An azure jelly zombie (Crypt:3)
  A spectral stone giant (Tar:2)
  An alligator (shapeshifter) (Zig:14)
  An alligator snapping turtle (Zig:7)
  An alligator snapping turtle (shapeshifter) (Vaults:5)
  42 dancing weapons
  A catoblepas (D:14)
  5 two-headed ogres
  4 alligators
  15 death yaks
  2 death knights (Vaults:1)
  9 boulder beetles
  7 jorogumos
  4 naga warriors
  19 vampire magi
  21 death scarabs
  2 deep troll earth magi (Depths:2)
  21 tengu warriors
  4 deep troll shamans (Depths:2)
  18 hell hogs
  Urug (Lair:4)
  6 holy swine (Pan)
  3 orc high priests
  24 thrashing horrors
  115 sun demons
  10 spriggan berserkers
  6 naga sharpshooters
  3 shock serpents
  8 hell knights
  Amaemon (D:8)
  3 spectral dire elephants
  19 wretched stars
  19 deep elf knights
  Nergalle (D:10)
  A skyshark (shapeshifter) (Zig:14)
  16 shadow wraiths
  A skyshark (Lair:3)
  33 soul eaters
  2 fire crabs (Zig:2)
  14 pharaoh ants
  A titan skeleton (Hell)
  39 sixfirhies
  5 crystal echidnas
  8 iron trolls
  A spectral anaconda (Tar:3)
  28 skeletal warriors
  8 quicksilver dragon simulacra
  A spark wasp zombie (Crypt:1)
  A sea snake (shapeshifter) (Zig:12)
  4 spatial maelstroms
  7 death drakes
  6 flayed ghosts
  13 shadow demons
  41 deep trolls
  2 deep trolls (shapeshifter)
  4 orange crystal statues
  A salamander mystic (Zig:16)
  A bunyip zombie (Crypt:3)
  4 goliath frogs
  A spectral bunyip (Tar:2)
  13 glowing orange brains
  A death drake (shapeshifter) (Zig:19)
  2 golden dragon zombies (Hell)
  3 cherubim (Pan)
  An iron giant zombie (Crypt:3)
  20 swamp dragons
  4 bog bodies
  A sea snake (Zig:7)
  15 ironbound convokers
  4 sun moths
  2 obsidian statues
  An anaconda zombie (Hell)
  23 orb spiders
  5 spriggan druids
  9 lindwurms
  10 spriggan simulacra
  A shadow dragon zombie (Hell)
  A naga ritualist (Zig:16)
  A glowing orange brain (shapeshifter) (Vaults:5)
  15 steelbarb worms
  19 orc knights
  42 deep elf pyromancers
  16 phantasmal warriors
  15 wizards
  20 deep elf archers
  3 necromancers
  A tengu zombie (Depths:2)
  An iron giant skeleton (Crypt:3)
  Pikel (D:8)
  A broodmother zombie (Crypt:1)
  86 starcursed masses
  7 harpies (Zig:7)
  5 mana vipers
  A sphinx zombie (Hell)
  2 iron dragon zombies
  3 spectral ettins
  39 deep elf zephyrmancers
  39 wolf spiders
  12 orc sorcerers
  2 wolf spiders (shapeshifter)
  A fire giant zombie (Hell)
  7 shining eyes
  A manticore (shapeshifter) (Zig:19)
  3 manticores
  16 worldbinders
  39 ugly things
  A salamander (Depths:2)
  2 frost giant zombies
  49 moths of wrath
  6 will-o-the-wisps
  3 stone giant zombies
  5 elephants (Lair:4)
  Joseph (D:8)
  2 iron dragon skeletons
  A draconian skeleton (Pan)
  A dire elephant zombie (Tomb:1)
  A stone giant skeleton (Pan)
  An elephant (shapeshifter) (Zig:14)
  5 titan simulacra
  55 smoke demons
  A moth of wrath (shapeshifter) (Zig:19)
  8 cyclopes
  28 vault sentinels
  30 black mambas
  7 eyes of devastation
  A guardian serpent (Zig:25)
  6 apocalypse crabs
  4 rust devils
  2 water nymphs (Zig:7)
  A merfolk siren (Zig:7)
  15 naga magi
  A naga zombie (Abyss:1)
  6 molten gargoyles
  44 demonic crawlers
  21 torpor snails
  4 centaur skeletons
  29 orange demons
  14 freezing wraiths
  23 hellions
  14 ice statues
  4 rime drakes
  3 dire elephant skeletons (Pan)
  9 cane toads
  11 komodo dragons
  27 yaktaurs
  4 unseen horrors
  2 alligator snapping turtle skeletons
  34 tormentors
  15 guardian mummies
  12 efreet
  3 bunyip simulacra
  10 anaconda simulacra
  A yaktaur (shapeshifter) (Zig:19)
  15 ancient zymes
  12 tengu conjurers
  5 iron giant simulacra
  2 golden dragon simulacra (Coc:7)
  7 ice devils
  A grey draconian skeleton (Crypt:3)
  11 trolls
  A hydra zombie (Hell)
  12 red devils
  A troll (shapeshifter) (D:13)
  3 harpy zombies
  44 tarantellas
  30 hellwings
  6 hornets
  A spectral harpy (Tar:3)
  2 hydra skeletons (Hell)
  A shadow dragon simulacrum (Coc:1)
  A mana viper skeleton (Crypt:2)
  5 merfolk (Zig:7)
  3 polar bears
  6 meliai
  A bloated husk (Zig:24)
  2 tyrant leeches
  12 blink frogs
  A wolf spider simulacrum (D:14)
  A merfolk (shapeshifter) (Zig:12)
  Prince Ribbit (D:6)
  An iron dragon simulacrum (Coc:4)
  36 raiju
  2 ettin zombies
  3 harpy skeletons
  A snapping turtle (Zig:7)
  7 dream sheep (Lair:5)
  An alligator zombie (Hell)
  105 large abominations
  A stone giant simulacrum (Coc:4)
  37 culicivoras
  A fire dragon skeleton (Hell)
  4 centaur simulacra
  43 jumping spiders
  A jumping spider (shapeshifter) (D:13)
  2 alligator skeletons
  9 water elementals
  6 air elementals
  44 ynoxinuls
  An ettin skeleton (Crypt:3)
  20 flying skulls
  A black mamba zombie (Crypt:3)
  104 slime creatures
  A spriggan (shapeshifter) (Zig:19)
  A shadow (D:12)
  5 wyverns
  3 dire elephant simulacra
  A human (shapeshifter) (Abyss:1)
  13 wraiths
  4 naga simulacra
  2 yaks (shapeshifter)
  12 basilisks
  4 fire bats (Abyss:1)
  6 vampires
  14 yaks
  6 spriggans
  5 ushabtiu
  A fire bat (shapeshifter) (Zig:17)
  14 golden eyes
  8 steam dragons
  2 alligator snapping turtle simulacra
  36 neqoxecs
  8 fire elementals
  45 chaos spawn
  81 redbacks
  A redback (shapeshifter) (Vaults:5)
  16 vampire mosquitoes
  2 glowing shapeshifter zombies
  Edmund (D:6)
  A skyshark zombie (Crypt:1)
  17 harpy simulacra
  2 nagas (Zig:16)
  2 spatial vortices (Abyss:3)
  17 swamp worms
  7 wargs
  14 hell hounds
  5 water moccasins
  A floating eye (shapeshifter) (Zig:12)
  3 floating eyes
  2 hydra simulacra
  7 swamp drakes (Swamp:4)
  A hornet zombie (Crypt:3)
  7 ettin simulacra
  A two-headed ogre skeleton (Crypt:1)
  2 sky beasts
  6 black bears
  53 orc warriors
  A glowing shapeshifter skeleton (Crypt:2)
  An ice dragon simulacrum (Coc:1)
  A swamp dragon zombie (Tomb:1)
  An ice beast (D:5)
  17 ogres
  12 wolves
  5 boggarts
  A boggart (shapeshifter) (Depths:2)
  2 centaurs (D:9)
  4 kobold brigands
  A phantom (D:5)
  4 lemures
  Blork the orc (Orc:2)
  14 bullfrogs
  3 gnoll sergeants
  6 earth elementals
  3 necrophages
  A scorpion (D:5)
  13 wights
  27 small abominations
  A queen bee zombie (Crypt:3)
  4 killer bees
  A raiju zombie (Crypt:3)
  4 howler monkeys
  6 electric eels
  A polar bear skeleton (Crypt:1)
  4 lava snakes (Lair:5)
  3 quasits
  19 orc priests
  4 jellies
  An iron imp (Abyss:3)
  An iguana (shapeshifter) (Depths:4)
  6 iguanas
  26 orc wizards
  17 hell rats
  4 naga skeletons
  An ogre skeleton (Crypt:2)
  46 mummies
  A howler monkey zombie (Crypt:2)
  20 gnolls
  17 adders
  2 river rats (Sewer)
  A shadow imp (D:6)
  5 white imps
  5 ufetubi
  2 worm zombies
  An adder skeleton (Crypt:2)
  A lava snake skeleton (Crypt:1)
  7 worms
  3 dart slugs
  64 orcs
  A bat skeleton (Crypt:1)
  7 endoplasms
  8 giant cockroaches
  3 goblins
  5 hobgoblins
  9 jackals (D:1)
  16 kobolds
  4 quokkas
  24 ball pythons
  A ball python skeleton (Crypt:3)
  9 bats
  6 frilled lizards
  An orc skeleton (Crypt:2)
  An orc zombie (Crypt:3)
  23 rats
  A rat zombie (Crypt:2)
  2 ballistomycete spores
  A butterfly (D:1)
  29 starspawn tentacles
4943 creatures vanquished.

Vanquished Creatures (collateral kills)
  An orb of fire (Zot:5)
  Mara (Spider:3)
  Mennas (Crypt:1)
  3 royal mummies (Tomb:1)
  Frederick (Crypt:1)
  3 caustic shrikes (Dis:3)
  Jory (Depths:4)
  An Ice Fiend (Coc:6)
  A shadow dragon (Zot:5)
  A revenant (Zig:20)
  A spectral caustic shrike (Tar:4)
  An orc warlord (Vaults:1)
  A putrid mouth (Tar:4)
  A spectral shadow dragon (Tar:1)
  A hydra (Lair:5)
  4 dancing weapons (Elf:2)
  A hell hog (Zig:26)
  A spectral dire elephant (Tar:4)
  A vampire mage (Crypt:2)
  2 deep elf knights (Elf:2)
  A skeletal warrior (Crypt:1)
  3 phantasmal warriors
  A deep elf zephyrmancer (Elf:2)
  A komodo dragon (Lair:1)
  An anaconda simulacrum (Coc:7)
  A tormentor (Tar:1)
  A blink frog (Lair:2)
  2 wraiths
  A basilisk (Lair:5)
  2 vampire mosquitoes (D:10)
  An orc warrior (D:10)
  2 wolves (Lair:4)
  13 killer bees
  An orc wizard (D:7)
  A mummy (Tomb:1)
  6 orcs
  90 ballistomycete spores
156 creatures vanquished.

Vanquished Creatures (others)
  A shard shrike (Coc:7)
  A caustic shrike (Dis:1)
  A doom hound (Hell)
  An emperor scorpion (Spider:2)
  A bunyip (Zig:24)
  2 green deaths (Zig:24)
  2 shambling mangroves
  A caustic shrike simulacrum (Coc:7)
  A juggernaut simulacrum (Coc:7)
  A thrashing horror (Zig:22)
  A spark wasp zombie (Hell)
  A spriggan druid (Swamp:4)
  A quicksilver dragon simulacrum (Depths:3)
  A deep troll (Depths:2)
  2 spriggan simulacra
  A wizard (Pan)
  A titan simulacrum (Coc:4)
  A tengu conjurer (Depths:3)
  2 bunyip simulacra (Coc:1)
  2 anaconda simulacra
  3 bloated husks
  A blink frog (Abyss:3)
  A ynoxinul (Pan)
  3 chaos spawn (Pan)
  2 harpy simulacra (Coc:7)
  A swamp worm (Swamp:1)
  A hell hound (Lair:5)
  An orc warrior (Vaults:5)
  A floating eye (Depths:3)
  3 ettin simulacra
  A sky beast (D:8)
  A small abomination (Abyss:3)
  A sleepcap (D:8)
  3 orc wizards
  A gnoll (D:8)
  6 ballistomycete spores
  A bush (Lair:2)
  28 foxfires
  97 fungi
  2 lurking horrors
  147 plants
  44 starspawn tentacles
  4 withered plants (D:14)
378 creatures vanquished.

Grand Total: 5477 creatures vanquished

Notes
Turn   | Place    | Note
-------+----------+-------------------------------------------
     0 | D:1      | ANON1729 the Draconian Transmuter began the quest for the
                  | Orb.
     0 | D:1      | Reached XP level 1. HP: 16/16 MP: 3/3
   138 | D:1      | Reached XP level 2. HP: 18/23 MP: 5/5
   714 | D:1      | Reached XP level 3. HP: 29/29 MP: 6/6
  1039 | D:2      | Found a blossoming altar of Fedhas.
  1080 | D:2      | Became a worshipper of Fedhas Madash
  1341 | D:2      | Found a faded altar of an unknown god.
  1480 | D:2      | Reached XP level 4. HP: 36/36 MP: 7/7
  2147 | D:3      | Reached skill level 1 in Invocations
  2422 | D:3      | Reached * piety under Fedhas
  2423 | D:3      | Reached skill level 1 in Stealth
  2528 | D:3      | Found an ancient bone altar of Kikubaaqudgha.
  2696 | D:3      | Reached XP level 5. HP: 41/41 MP: 8/8
  2827 | D:3      | Found a glowing silver altar of Zin.
  3116 | D:3      | Found a bloodstained altar of Trog.
  3312 | D:4      | Found a glowing drain.
  3389 | Sewer    | Entered a sewer
  3653 | Sewer    | Reached ** piety under Fedhas
  3863 | Sewer    | Reached XP level 6. HP: 25/50 MP: 9/9
  4017 | Sewer    | Reached *** piety under Fedhas
  4337 | D:4      | Your scales start taking on a fiery red colour.
  4337 | D:4      | Reached XP level 7. HP: 22/57 MP: 11/11
  4337 | D:4      | Gained mutation: Your flesh is heat resistant. (rF+) [Red
                  | Draconian growth]
  5033 | D:5      | Entered Level 5 of the Dungeon
  5198 | D:5      | Found a stormy altar of Qazlal.
  6160 | D:6      | Noticed Edmund
  6180 | D:6      | Killed Edmund
  6181 | D:6      | Reached XP level 8. HP: 4/66 MP: 7/13
  6481 | D:6      | Found a snail-covered altar of Cheibriados.
  6560 | D:6      | Noticed Prince Ribbit
  6567 | D:6      | Killed Prince Ribbit
  6568 | D:6      | Reached skill level 5 in Transmutations
  6638 | D:6      | Reached skill level 5 in Invocations
  7292 | D:6      | Reached **** piety under Fedhas
  7293 | D:6      | Reached skill level 5 in Unarmed Combat
  7293 | D:6      | Reached XP level 9. HP: 35/72 MP: 13/15
  7907 | D:7      | Reached skill level 1 in Fire Magic
  7931 | D:7      | Reached skill level 1 in Air Magic
  8585 | D:7      | Reached skill level 5 in Fighting
  8611 | D:7      | Found a staircase to the Ecumenical Temple.
  8637 | D:7      | Found a shadowy altar of Dithmenos.
  8833 | D:8      | Found an ornate altar of the Wu Jian Council.
  9356 | D:8      | Reached XP level 10. HP: 41/81 MP: 16/16
  9402 | D:8      | Noticed Pikel
  9586 | D:8      | Killed Pikel
  9683 | D:8      | Reached ***** piety under Fedhas
 10146 | D:8      | Found a radiant altar of Vehumet.
 10147 | D:8      | Found a staircase to the Lair.
 10210 | D:8      | Noticed Joseph
 10226 | D:8      | Killed Joseph
 10297 | D:8      | Noticed Amaemon
 10298 | D:8      | Noticed an orange demon
 10312 | D:8      | Killed an orange demon
 10313 | D:8      | Reached skill level 5 in Dodging
 10313 | D:8      | Reached skill level 5 in Spellcasting
 10342 | D:8      | Killed Amaemon
 10480 | D:8      | Found Roevor's Antique Weapon Shoppe.
 10610 | D:9      | Noticed a two-headed ogre
 10622 | D:9      | Killed a two-headed ogre
 10623 | D:9      | Reached skill level 5 in Stealth
 11324 | D:9      | Found a white marble altar of Elyvilon.
 11366 | D:9      | Reached XP level 11. HP: 80/89 MP: 14/18
 11396 | D:9      | Found a glowing golden altar of the Shining One.
 11748 | D:9      | Noticed a deep elf pyromancer
 11751 | D:9      | Killed a deep elf pyromancer
 12207 | D:10     | Entered Level 10 of the Dungeon
 12359 | D:10     | Noticed a two-headed ogre
 12361 | D:10     | Noticed Nergalle
 12366 | D:10     | Killed Nergalle
 12367 | D:10     | Killed a two-headed ogre
 12733 | D:10     | Reached skill level 5 in Fire Magic
 12977 | D:10     | Found a staircase to the Orcish Mines.
 13774 | D:11     | Noticed a brown ugly thing
 13789 | D:11     | Killed a brown ugly thing
 14255 | D:11     | Noticed a two-headed ogre
 14273 | D:11     | Killed a two-headed ogre
 14951 | D:12     | Learned a level 2 spell: Wereblood
 15455 | D:12     | Reached XP level 12. HP: 85/97 MP: 17/21
 16165 | D:13     | Noticed an entropy weaver
 16169 | D:13     | Noticed a tengu warrior
 16188 | D:13     | an entropy weaver changed into a culicivora
 16373 | D:13     | Noticed an ogre mage
 16375 | D:13     | Killed a tengu warrior
 16559 | D:13     | Killed an ogre mage
 16603 | D:13     | Noticed a boulder beetle
 16615 | D:13     | Killed a boulder beetle
 16714 | D:13     | Reached skill level 10 in Invocations
 16843 | D:13     | Reached skill level 1 in Poison Magic
 16871 | D:13     | Identified the ring "Anweddia" {Fly rF+ rN+ Will+ Str-5}
 16871 | D:13     | Noticed a centaur warrior
 16878 | D:13     | Killed a centaur warrior
 17046 | D:13     | Noticed a tengu warrior
 17057 | D:13     | Killed a tengu warrior
 17058 | D:13     | Reached skill level 5 in Air Magic
 17099 | D:13     | Noticed a centaur warrior
 17320 | D:13     | Noticed a boulder beetle
 17335 | D:13     | Noticed a centaur warrior
 17348 | D:13     | Killed a centaur warrior
 17363 | D:13     | Noticed a vault guard
 17397 | D:13     | Noticed a boulder beetle
 17552 | D:13     | Killed a boulder beetle
 17935 | D:13     | Killed a boulder beetle
 18099 | D:13     | Killed a vault guard
 18201 | D:13     | Noticed a centaur warrior
 18209 | D:13     | Killed a centaur warrior
 18324 | D:13     | Found a gate to the Vaults.
 18560 | Lair:1   | Entered Level 1 of the Lair of Beasts
 18582 | Lair:1   | Reached skill level 10 in Transmutations
 18582 | Lair:1   | Reached XP level 13. HP: 96/107 MP: 23/23
 19590 | Lair:1   | You fall into a shaft and drop 1 floor!
 19680 | Lair:2   | Found a hole to the Spider Nest.
 19763 | Lair:2   | Reached ****** piety under Fedhas
 20356 | Lair:2   | Found a hide-covered altar of Uskayaw.
 20356 | Lair:2   | Found an ornate altar of the Wu Jian Council.
 22071 | Lair:2   | Learned a level 4 spell: Olgreb's Toxic Radiance
 22816 | Lair:3   | Noticed Josephine
 22946 | Lair:3   | Killed Josephine
 23880 | Lair:3   | Found a staircase to the Swamp.
 23977 | Lair:4   | Noticed Urug
 24001 | Lair:4   | Reached skill level 5 in Poison Magic
 24003 | Lair:4   | Learned a level 3 spell: Ignite Poison
 24021 | Lair:5   | Entered Level 5 of the Lair of Beasts
 24079 | Lair:5   | HP: 5/108 [dream sheep (6)]
 24080 | Lair:5   | HP: 1/108 [cane toad (9)]
 24234 | Lair:4   | Reached XP level 14. HP: 56/116 MP: 24/24
 24264 | Lair:4   | Killed Urug
 24284 | Lair:4   | Found a gate leading to a gauntlet.
 24297 | Gauntlet | Entered a Gauntlet
 24297 | Gauntlet | Found a transporter.
 24297 | Gauntlet | Found a transporter.
 24455 | Gauntlet | Found a transporter.
 24459 | Gauntlet | Found a transporter.
 24468 | Gauntlet | Found a transporter.
 24471 | Gauntlet | Found a transporter.
 24479 | Gauntlet | Found a transporter.
 24494 | Gauntlet | Found a runed translucent door.
 24495 | Gauntlet | Found a transporter.
 24496 | Gauntlet | Found a runed translucent door.
 24509 | Gauntlet | Found a transporter.
 24513 | Gauntlet | Found a transporter.
 24517 | Gauntlet | Found a runed translucent door.
 24517 | Gauntlet | Found a runed translucent door.
 24521 | Gauntlet | Found a transporter.
 24525 | Gauntlet | Found a transporter.
 24688 | Gauntlet | HP: 7/174 [minotaur/+0 quarterstaff (10)]
 25354 | Gauntlet | Paralysed by a floating eye for 3 turns
 25360 | Gauntlet | Paralysed by a floating eye for 4 turns
 25370 | Gauntlet | Paralysed by a floating eye for 4 turns
 25692 | Gauntlet | Identified 3 scrolls of acquirement
 25713 | Gauntlet | Acquired 996 gold pieces
 25715 | Gauntlet | Acquired the Parchment of the Gestalt
 25723 | Gauntlet | Learned a level 5 spell: Blade Hands
 25723 | Gauntlet | Acquired the +5 hat of Ticetull {Str+5 Dex+2}
 26255 | Lair:4   | Found a runed translucent door.
 26288 | Lair:4   | Found a viscous altar of Jiyva.
 26289 | Lair:4   | Found a staircase to the Slime Pits.
 26622 | Orc:1    | Entered Level 1 of the Orcish Mines
 26755 | Orc:1    | Found Iledihar's Book Shoppe.
 27829 | Orc:2    | Entered Level 2 of the Orcish Mines
 27961 | Orc:2    | Noticed Blork the orc
 27964 | Orc:2    | Noticed an orc warlord
 27968 | Orc:2    | Killed Blork the orc
 27993 | Orc:2    | Killed an orc warlord
 28239 | Orc:2    | Found Foefuor's Book Shop.
 28249 | Orc:2    | Found Itexer's Antique Armour Shop.
 28251 | Orc:2    | Found Gowutuaf's Antique Weapon Shop.
 28254 | Orc:2    | Found Ystio's General Store.
 28272 | Orc:2    | Found a staircase to the Elven Halls.
 28635 | Orc:2    | Bought a book of Fire for 616 gold pieces
 28642 | Orc:2    | Learned a level 6 spell: Plasma Beam
 28646 | Orc:2    | Learned a level 3 spell: Mephitic Cloud
 29444 | Lair:5   | Found a burning altar of Makhleb.
 30901 | Lair:5   | Reached XP level 15. HP: 92/124 MP: 21/26
 31133 | Lair:5   | Found a large runed translucent door.
 31134 | Lair:5   | Found a large runed translucent door.
 32096 | Orc:2    | Bought the +3 crown of Dyrovepreva {rElec Int+2 SInv} for
                  | 1159 gold pieces
 32096 | Orc:2    | Found the +3 crown of Dyrovepreva {rElec Int+2 SInv}
 32131 | Elf:1    | Entered Level 1 of the Elven Halls
 32594 | Elf:1    | Found Cypu's Armour Shoppe.
 32607 | Elf:1    | Bought a +0 cloak of willpower for 172 gold pieces
 33291 | Elf:1    | Noticed a deep elf sorcerer
 33297 | Elf:1    | Killed a deep elf sorcerer
 33308 | Elf:1    | Got the Omnibus of Conjuration
 33320 | Elf:1    | Learned a level 5 spell: Irradiate
 33720 | Elf:2    | Reached skill level 1 in Conjurations
 33725 | Elf:2    | Gained mutation: Your body sometimes deteriorates upon
                  | taking damage. [mutagenic glow]
 33991 | Elf:2    | Found a runed translucent gate.
 33993 | Elf:2    | Found a runed translucent gate.
 33994 | Elf:2    | Found a runed translucent gate.
 34203 | Elf:2    | Reached skill level 10 in Fire Magic
 34230 | Elf:2    | Reached XP level 16. HP: 46/134 MP: 6/28
 34234 | Elf:2    | HP: 6/134 [+1 heavy trident (6)]
 34376 | Elf:2    | Reached skill level 10 in Fighting
 34787 | Elf:2    | Noticed a deep elf blademaster
 35078 | Elf:2    | Found Idaukod's Distillery.
 35192 | Elf:2    | Bought a potion of experience for 800 gold pieces
 35192 | Elf:2    | Bought 2 potions of haste for 320 gold pieces
 35192 | Elf:2    | Bought a potion of heal wounds for 80 gold pieces
 35192 | Elf:2    | Bought a potion of curing for 48 gold pieces
 35192 | Elf:2    | Bought a potion of heal wounds for 80 gold pieces
 35192 | Elf:2    | Bought a potion of brilliance for 64 gold pieces
 35192 | Elf:2    | Bought a potion of brilliance for 64 gold pieces
 35192 | Elf:2    | Reached XP level 17. HP: 140/140 MP: 29/29
 35389 | Elf:2    | Found Nidd's Book Shoppe.
 35529 | Elf:2    | Found Hutu Por's Armour Boutique.
 35702 | Elf:2    | Found Joim's Assorted Antiques.
 36530 | D:14     | Found an ancient bone altar of Kikubaaqudgha.
 37202 | D:15     | Entered Level 15 of the Dungeon
 37900 | D:15     | Identified the +6 dire flail "Ryr Fiowu" {heavy, Str-2
                  | Int+5 Stlth+}
 38700 | D:15     | HP: 2/140 [frost giant/+2 battleaxe of freezing (10)]
 39025 | D:15     | Found a staircase to the Depths.
 39841 | Elf:2    | Killed a deep elf blademaster
 40207 | Elf:3    | Entered Level 3 of the Elven Halls
 40480 | Elf:3    | Identified the +0 quarterstaff of Kuowafou {protect, rC+}
 40507 | Elf:3    | Paralysed by an air elemental for 1 turns
 41891 | Elf:3    | Paralysed by an air elemental for 1 turns
 42021 | Elf:3    | Learned a level 2 spell: Passwall
 42024 | Elf:3    | Learned a level 2 spell: Blink
 42034 | Elf:3    | Noticed a deep elf blademaster
 42054 | Elf:3    | Reached skill level 10 in Unarmed Combat
 42054 | Elf:3    | Reached skill level 10 in Air Magic
 42055 | Elf:3    | Killed a deep elf blademaster
 42424 | Elf:3    | Noticed a deep elf master archer
 42431 | Elf:3    | Killed a deep elf master archer
 42538 | Elf:3    | Identified the +4 rapier of Igyir {drain, rN+ Str+3 Int+3}
 42557 | Elf:3    | Noticed a deep elf blademaster
 42606 | Elf:3    | Killed a deep elf blademaster
 42607 | Elf:3    | Reached XP level 18. HP: 66/149 MP: 17/30
 42954 | Elf:3    | Identified the staff of death "Vunosy" {rElec rF+ rN+}
 42959 | Elf:3    | Identified the ring "Ureeruh" {Contam rElec rN+ Int+2}
 43205 | Elf:3    | Identified the +8 long sword of the Volcano {flame, *Rage
                  | rElec Int+3 Dex+3}
 43205 | Elf:3    | Identified the +3 buckler of the Candlemaker {Stlth+}
 44617 | Elf:2    | Lost mutation: Your body sometimes deteriorates upon taking
                  | damage. [potion of mutation]
 44617 | Elf:2    | Gained mutation: You sometimes lose your temper in combat.
                  | [potion of mutation]
 44618 | Elf:2    | Lost mutation: You sometimes lose your temper in combat.
                  | [potion of mutation]
 44618 | Elf:2    | Gained mutation: You have a pair of small antennae on your
                  | head. [potion of mutation]
 44618 | Elf:2    | Gained mutation: Your flesh is very heat resistant. (rF++)
                  | [potion of mutation]
 44728 | Elf:3    | Identified the +2 hand crossbow "Otabry" {freeze, Dex+3}
 44850 | Elf:3    | Identified the +0 chain mail "Esticvemang" {Slay+2}
 45283 | Spider:1 | Entered Level 1 of the Spider Nest
 45772 | Lair:2   | Learned a level 7 spell: Storm Form
 46817 | Spider:1 | Noticed Jorgrun
 46827 | Spider:1 | Killed Jorgrun
 46959 | Spider:1 | Gained mutation: You occasionally lose the ability to drink
                  | potions when taking damage. [mutagenic glow]
 47000 | Spider:1 | Lost mutation: You occasionally lose the ability to drink
                  | potions when taking damage. [potion of mutation]
 47000 | Spider:1 | Lost mutation: You have a pair of small antennae on your
                  | head. [potion of mutation]
 47000 | Spider:1 | Lost mutation: Your flesh is very heat resistant. (rF++)
                  | [potion of mutation]
 47000 | Spider:1 | Gained mutation: You expend magic power (3 MP) to
                  | strengthen your wands. [potion of mutation]
 47000 | Spider:1 | Gained mutation: You are agile. (Dex +4, Str/Int -1)
                  | [potion of mutation]
 47594 | Spider:1 | Upgraded the game from 0.30-a0-1042-gacf32f4bd3 to
                  | 0.30-a0-1050-g2766ea1e55
 47851 | Spider:1 | Gained mutation: Your body sometimes deteriorates upon
                  | taking damage. [mutagenic glow]
 48658 | Spider:2 | Noticed Aizul
 48695 | Spider:2 | Killed Aizul
 49658 | Spider:3 | Noticed Mara
 49771 | Spider:2 | Reached skill level 15 in Transmutations
 50215 | Spider:3 | Noticed ANON1729's illusion
 50228 | Spider:2 | Gained mutation: Potions are less effective at restoring
                  | your health. [mutagenic glow]
 50486 | Spider:3 | Noticed ANON1729's illusion
 50506 | Spider:3 | Killed Mara
 51563 | Spider:4 | Entered Level 4 of the Spider Nest
 51563 | Spider:4 | Noticed Louise
 51728 | Spider:3 | Killed Louise
 51729 | Spider:3 | Reached XP level 19. HP: 83/156 MP: 5/32
 53920 | Spider:4 | Got a gossamer rune of Zot
 53932 | Spider:4 | Reached skill level 10 in Stealth
 53932 | Spider:4 | Reached XP level 20. HP: 163/163 MP: 29/33
 54108 | Swamp:1  | Entered Level 1 of the Swamp
 54386 | Swamp:1  | Noticed Nikola
 54400 | Swamp:1  | Killed Nikola
 56201 | Swamp:4  | Entered Level 4 of the Swamp
 56457 | Swamp:4  | Reached skill level 1 in Evocations
 56880 | Swamp:4  | Identified the ring of Moshrud {rPois rC++ Int+2 Dex+4
                  | Slay-3}
 56909 | Swamp:4  | Got a decaying rune of Zot
 57738 | Vaults:1 | Entered Level 1 of the Vaults
 57898 | D:13     | Learned a level 2 spell: Wereblood
 58207 | Vaults:1 | Reached skill level 15 in Invocations
 58319 | Vaults:1 | Reached XP level 21. HP: 165/170 MP: 25/34
 58430 | Vaults:1 | Reached skill level 5 in Evocations
 59446 | Vaults:1 | Reached skill level 15 in Air Magic
 61422 | Vaults:2 | Found a staircase to the Crypt.
 62067 | Vaults:3 | Found Okhlapu's Antique Weapon Shop.
 64078 | Vaults:4 | Identified the staff of earth "Zotryk" {rC- Int+3 Dex+3}
 64274 | Vaults:4 | Reached XP level 22. HP: 150/177 MP: 35/35
 64862 | Vaults:4 | Found a portal to a secret trove of treasure.
 64931 | Vaults:4 | Noticed Zenata
 65960 | Vaults:4 | Killed Zenata
 66327 | Vaults:4 | Reached skill level 15 in Unarmed Combat
 66591 | Depths:1 | Entered Level 1 of the Depths
 66591 | Depths:1 | Noticed Saint Roka
 66598 | Depths:1 | Reached skill level 10 in Evocations
 66802 | Depths:1 | Killed Saint Roka
 67320 | Depths:1 | Identified the +1 mace of Gallantry {freeze, rPois}
 67352 | Depths:1 | Found a shimmering blue altar of Sif Muna.
 67409 | Depths:1 | Found a one-way gate leading to the halls of Pandemonium.
 67651 | Depths:1 | Found a gateway to Hell.
 68254 | Depths:2 | Identified the +5 plate armour "Zarusig" {Dex+4}
 69221 | Depths:2 | Found the +2 hat of the Bear Spirit {Spirit, Bear, *Rage
                  | Will++}
 69611 | Depths:3 | Found a white marble altar of Elyvilon.
 70162 | Crypt:1  | Entered Level 1 of the Crypt
 70219 | Crypt:1  | Noticed Frederick
 70246 | Crypt:1  | Killed Frederick
 70247 | Crypt:1  | Reached XP level 23. HP: 105/183 MP: 22/36
 70441 | Crypt:1  | Paralysed by something for 2 turns
 70692 | Crypt:2  | Found a runed translucent door.
 70726 | Crypt:2  | Lost mutation: Your body sometimes deteriorates upon taking
                  | damage. [potion of mutation]
 70726 | Crypt:2  | Lost mutation: You are agile. (Dex +4, Str/Int -1) [potion
                  | of mutation]
 70726 | Crypt:2  | Lost mutation: You expend magic power (3 MP) to strengthen
                  | your wands. [potion of mutation]
 70726 | Crypt:2  | Gained mutation: You are frail. (-10% HP) [potion of
                  | mutation]
 70726 | Crypt:2  | Gained mutation: You have sharp toenails. [potion of
                  | mutation]
 70726 | Crypt:2  | Gained mutation: You occasionally lose the ability to read
                  | scrolls when taking damage. [potion of mutation]
 70727 | Crypt:2  | Lost mutation: Potions are less effective at restoring your
                  | health. [potion of mutation]
 70727 | Crypt:2  | Lost mutation: You occasionally lose the ability to read
                  | scrolls when taking damage. [potion of mutation]
 70727 | Crypt:2  | Lost mutation: You are frail. (-10% HP) [potion of
                  | mutation]
 70727 | Crypt:2  | Lost mutation: You have sharp toenails. [potion of
                  | mutation]
 70727 | Crypt:2  | Gained mutation: You have sharp toenails. [potion of
                  | mutation]
 70727 | Crypt:2  | Gained mutation: You have razor-sharp toenails. [potion of
                  | mutation]
 71046 | Crypt:1  | Noticed Mennas
 71753 | Crypt:2  | Reached skill level 5 in Conjurations
 72317 | Crypt:2  | Noticed Melaul's ghost (veteran FoVM)
 72332 | Crypt:2  | Killed Melaul's ghost
 73720 | Crypt:1  | Killed Mennas
 73963 | Crypt:3  | Entered Level 3 of the Crypt
 74161 | Crypt:3  | Found a magical portal.
 74360 | WizLab   | Entered Lehudib's Moon Base
 74520 | WizLab   | Gained mutation: You have hidden genetic defects. [a
                  | neqoxec]
 74528 | WizLab   | Lost mutation: You have hidden genetic defects. [potion of
                  | mutation]
 74528 | WizLab   | Lost mutation: You have razor-sharp toenails. [potion of
                  | mutation]
 74528 | WizLab   | Lost mutation: You have sharp toenails. [potion of
                  | mutation]
 74528 | WizLab   | Gained mutation: You are weak. (Str -2) [potion of
                  | mutation]
 74528 | WizLab   | Gained mutation: Your mind is acute. (Int +4, Str/Dex -1)
                  | [potion of mutation]
 74528 | WizLab   | Gained mutation: You are strong-willed. (Will+) [potion of
                  | mutation]
 75619 | WizLab   | Found a transporter.
 75718 | WizLab   | Found a transporter.
 75942 | WizLab   | Identified the amulet of Remmuh {RegenMP rC+ Regen+}
 75954 | WizLab   | Identified the +4 spear "Killer Klown's Curse" {elec,
                  | Dex+4}
 76503 | Crypt:3  | Found a staircase to the Tomb.
 76635 | Crypt:3  | Found an ancient bone altar of Kikubaaqudgha.
 77333 | Crypt:3  | Reached XP level 24. HP: 154/191 MP: 31/36
 77367 | Crypt:3  | Noticed Grunn
 77738 | Crypt:3  | Found an ancient bone altar of Kikubaaqudgha.
 77742 | Crypt:3  | Found a basalt altar of Yredelemnul.
 77754 | Crypt:3  | Got Sif Muna's Parchment of Kinetic Transmogrification
 77797 | Crypt:3  | Found the +8 storm bow {elec, penet}
 77798 | Crypt:3  | Found the +8 Wrath of Trog {antimagic, *Rage Rampage}
 77819 | Crypt:3  | Identified the staff of cold "Xorphiklez" {Fly rC+ Stlth+}
 78706 | Depths:3 | Identified the +5 spear of Damp Watchfulness {elec, rC++
                  | rCorr Str+3 Dex-3}
 79216 | Depths:3 | Found a broken altar of Ashenzari.
 79217 | Depths:3 | Found a one-way gate to the infinite horrors of the Abyss.
 79706 | Depths:3 | Noticed Margery
 80119 | Depths:3 | Killed Margery
 80444 | Depths:3 | Found an opulent altar of Gozag.
 81664 | Depths:3 | Noticed a juggernaut
 81675 | Depths:3 | Killed a juggernaut
 82186 | Depths:3 | Noticed Xtahua
 82447 | Depths:3 | Killed Xtahua
 82448 | Depths:3 | Reached skill level 10 in Conjurations
 82612 | Depths:3 | Got Baesson's Octavo of Undead Bolts
 82713 | Depths:3 | Reached skill level 10 in Spellcasting
 82881 | Depths:3 | Found a sparkling altar of Nemelex Xobeh.
 83002 | Depths:3 | Identified the +2 helmet of Vanity {Harm Rampage}
 83329 | Depths:4 | Entered Level 4 of the Depths
 83520 | Depths:4 | Noticed a juggernaut
 83530 | Depths:4 | Killed a juggernaut
 84265 | Depths:4 | Found a one-way gateway to a ziggurat.
 84425 | Depths:4 | Noticed Jory
 85052 | Depths:4 | Found a gate to the Realm of Zot.
 85836 | Depths:4 | Killed Jory
 86274 | Vaults:4 | Acquired a book of Burglary
 86280 | Vaults:4 | Learned a level 3 spell: Swiftness
 86283 | Vaults:5 | Entered Level 5 of the Vaults
 86289 | Vaults:5 | Reached XP level 25. HP: 180/206 MP: 22/37
 86510 | Vaults:5 | Noticed an ancient lich
 86886 | Vaults:5 | Killed an ancient lich
 87292 | Vaults:5 | Identified the +5 sling "Reguisua" {speed, rC+}
 87487 | Vaults:5 | Identified the +6 swamp dragon scales of the Valley {Harm
                  | rPois Will+}
 87815 | Vaults:5 | Identified the ring of Yqonol {Fire Fly rCorr Stlth+}
 88554 | Vaults:5 | Identified the +2 robe of the Bright God {Str+4 Dex-5
                  | Slay+4}
 88947 | Vaults:5 | Reached skill level 15 in Fire Magic
 89205 | Vaults:5 | Identified the staff of earth "Qediodas" {rElec rF- Int+8
                  | Dex+3}
 89211 | Vaults:5 | Identified the staff of death "Tublun" {rC+ rN+}
 89592 | Vaults:5 | Got a silver rune of Zot
 89636 | Vaults:5 | Identified the +3 rapier "Jish" {heavy, rCorr Str+3 Int+5}
 89640 | Vaults:5 | Identified the +6 trident of Exhibitionism {flame, *Corrode
                  | rElec rPois rF++}
 90214 | Slime:1  | Entered Level 1 of the Pits of Slime
 90744 | Slime:2  | Reached skill level 15 in Fighting
 91860 | Slime:5  | Entered Level 5 of the Pits of Slime
 91887 | Slime:5  | Reached XP level 26. HP: 188/222 MP: 33/37
 91961 | Slime:5  | Noticed the Royal Jelly
 92126 | Slime:5  | Found a viscous altar of Jiyva.
 92584 | Slime:5  | Killed the Royal Jelly
 93074 | Slime:5  | Identified the +0 plate armour of the Lute {rCorr Int+3}
 93107 | Slime:5  | Got the Textbook on Enchantment and Location
 93109 | Slime:5  | Got a slimy rune of Zot
 93127 | Slime:5  | Got the Enchiridion on Poison
 93172 | Slime:5  | Identified the +10 broad axe "Widowmaker" {freeze, Int+4
                  | Dex+3}
 93194 | Slime:5  | Learned a level 8 spell: Ignition
 93226 | Slime:5  | Identified the +8 rapier of Itif {freeze, rN+ Str+3}
 94035 | Zig:1    | Entered Level 1 of a ziggurat
 94061 | Zig:2    | Entered Level 2 of a ziggurat
 94126 | Zig:3    | Entered Level 3 of a ziggurat
 94147 | Zig:4    | Entered Level 4 of a ziggurat
 94694 | Zig:5    | Entered Level 5 of a ziggurat
 94706 | Zig:5    | Noticed a royal mummy
 94715 | Zig:5    | Killed a royal mummy
 94716 | Zig:5    | Reached skill level 1 in Necromancy
 94726 | Zig:5    | Reached XP level 27. HP: 92/226 MP: 7/38
 94972 | Zig:6    | Entered Level 6 of a ziggurat
 94977 | Zig:6    | Found the +13 scythe of Curses {drain, curses, Drain}
 95157 | Zig:7    | Entered Level 7 of a ziggurat
 95168 | Zig:7    | Found the ring of the Mage {Wiz Archmagi}
 95313 | Zig:8    | Entered Level 8 of a ziggurat
 95319 | Zig:8    | Noticed a dread lich
 95324 | Zig:8    | Found the +8 Vampire's Tooth {megavamp}
 95326 | Zig:8    | Killed a dread lich
 95473 | Zig:8    | Identified the +5 shortbow "Ureng" {drain, Will++ Int-2}
 95487 | Zig:9    | Entered Level 9 of a ziggurat
 95528 | Zig:9    | Identified the +7 short sword of the Warrior-Mage {flame,
                  | Will+}
 95532 | Zig:9    | Identified the staff of fire "Suyzoc" {rF+ Int+2}
 95643 | Zig:10   | Entered Level 10 of a ziggurat
 95816 | Zig:11   | Entered Level 11 of a ziggurat
 95825 | Zig:11   | Noticed an ancient lich
 95832 | Zig:11   | Killed an ancient lich
 95980 | Zig:11   | Identified the +0 morningstar of Roun {flame, +Blink rC-
                  | Int-3 Dex+6}
 95982 | Zig:11   | Got the Commentary on Spelunking and Kindling
 95993 | Zig:12   | Entered Level 12 of a ziggurat
 96002 | Zig:12   | Found the +3 greatsling "Punk" {acid, rCorr}
 96003 | Zig:12   | Noticed an ancient lich
 96005 | Zig:12   | Noticed an ancient lich
 96005 | Zig:12   | Noticed an ancient lich
 96010 | Zig:12   | Killed an ancient lich
 96013 | Zig:12   | Killed an ancient lich
 96015 | Zig:12   | Killed an ancient lich
 96179 | Zig:13   | Entered Level 13 of a ziggurat
 96287 | Zig:13   | Identified the ring "Ethuf" {MP+9 Dex+6 Stlth+}
 96290 | Zig:13   | Got the Quarto of the Voyage and the Xenolith
 96309 | Zig:14   | Entered Level 14 of a ziggurat
 96317 | Zig:14   | Noticed Agecour the pandemonium lord
 96320 | Zig:14   | Killed Agecour the pandemonium lord
 96321 | Zig:14   | Noticed Ecwis the pandemonium lord
 96321 | Zig:14   | Noticed Ruotuate the pandemonium lord
 96322 | Zig:14   | Noticed Naojig the pandemonium lord
 96324 | Zig:14   | Reached skill level 5 in Necromancy
 96327 | Zig:14   | Killed Ecwis the pandemonium lord
 96329 | Zig:14   | Killed Ruotuate the pandemonium lord
 96336 | Zig:14   | Killed Naojig the pandemonium lord
 96344 | Zig:14   | Found the +8 orange crystal plate armour {Archmagi, Int+3
                  | Clar}
 96354 | Zig:14   | Identified the +7 flail "Yfuaf" {freeze, Will+ SInv}
 96366 | Zig:14   | Identified the ring "Xaseus" {Ice Int+3}
 96369 | Zig:14   | Identified the -2 kite shield of Yshrik {rCorr}
 96375 | Zig:14   | Identified the +12 crystal plate armour of the Ego {Int+4
                  | Dex+2 Slay+3}
 96500 | Zig:15   | Entered Level 15 of a ziggurat
 96517 | Zig:15   | Found the +6 arbalest "Damnation" {damnation}
 96537 | Zig:15   | Identified the +4 plate armour of Cheibriados, Healing
                  | {rF++ Int+6}
 96539 | Zig:15   | Identified the staff of death "Zineplig" {rPois rN+}
 96550 | Zig:15   | Identified the ring of Jener {Will+ AC+4 Dex+4}
 96680 | Zig:16   | Entered Level 16 of a ziggurat
 96709 | Zig:16   | Found the +10 dark maul {heavy}
 96718 | Zig:16   | Identified the amulet "Owikluh" {Acrobat Will+ Int+5 Dex-5}
 96719 | Zig:16   | Identified the amulet "Yhuer" {Faith Dex+5}
 96728 | Zig:16   | Identified the +8 crystal plate armour of Feun {rN+ Int+2}
 96834 | Zig:16   | Identified the staff of cold "Vaelawn" {rC+ Str+4 Dex+5
                  | Stlth-}
 96840 | Zig:17   | Entered Level 17 of a ziggurat
 97028 | Zig:17   | Found the +8 demon blade "Leech" {evervamp, Harm Drain rN+}
 97042 | Zig:17   | Identified the staff of poison "Pesi" {+Blink rPois Will+
                  | Str+4}
 97048 | Zig:17   | Identified the +5 bardiche "Imeof Yze" {freeze, rElec rC+++
                  | rN+ Str+3}
 97067 | Zig:17   | Identified the +5 dagger "Beulo" {freeze, rC++ rN+}
 97083 | Zig:17   | Got the Parchment of the Posthumous Scorpion
 97098 | Zig:18   | Entered Level 18 of a ziggurat
 97107 | Zig:18   | Noticed a juggernaut
 97110 | Zig:18   | Noticed a juggernaut
 97115 | Zig:18   | Killed a juggernaut
 97118 | Zig:18   | Killed a juggernaut
 97119 | Zig:18   | Reached skill level 15 in Evocations
 97148 | Zig:18   | Found the +7 mace of Variability {chaos, chaos arc}
 97154 | Zig:18   | Identified the +8 trident of the Pariah {drain, *Rage Fly
                  | rN+++ Dex+2}
 97156 | Zig:18   | Got the Spellbook of Feathery Cryomancy
 97161 | Zig:18   | Identified the ring "Jacomm" {rF+ rC+ SInv}
 97164 | Zig:18   | Identified the staff of poison "Zaukyi Uclum" {Fragile
                  | rPois rN+ Will++}
 97284 | Zig:18   | Identified the staff of fire "Jiusuxee" {rF+ Str+4 Dex+2}
 97346 | Zig:19   | Entered Level 19 of a ziggurat
 97352 | Zig:19   | Noticed a dread lich
 97353 | Zig:19   | Noticed an ancient lich
 97358 | Zig:19   | Killed an ancient lich
 97359 | Zig:19   | Paralysed by something for 3 turns
 97367 | Zig:19   | Killed a dread lich
 97639 | Zig:19   | Identified the +2 chain mail "Xamaebic" {+Inv Dex+4}
 97641 | Zig:19   | Reached skill level 15 in Spellcasting
 97671 | Zig:19   | Identified the staff of poison "Jettil" {rPois rC+ Int+2
                  | Stlth+}
 97680 | Zig:20   | Entered Level 20 of a ziggurat
 97688 | Zig:20   | Noticed Erphurifo's ghost (legendary GnWn)
 97697 | Zig:20   | Noticed Kiciri's ghost (legendary DrCj)
 97700 | Zig:20   | Noticed Rauty's ghost (veteran MiFi)
 97701 | Zig:20   | Noticed Saonuxt's ghost (legendary DsFi)
 97711 | Zig:20   | Noticed Gyofeun's ghost (legendary FoFi)
 97713 | Zig:20   | Noticed choppaz's ghost (legendary GrEE)
 97713 | Zig:20   | Noticed atomjack's ghost (legendary DsFE)
 97713 | Zig:20   | Noticed Ahek's ghost (legendary GnTm)
 97713 | Zig:20   | Noticed Rauty's ghost (veteran MiFi)
 97713 | Zig:20   | Noticed Xienem's ghost (legendary GrEE)
 97714 | Zig:20   | Noticed jrbgvjkr's ghost (master MiFi)
 97714 | Zig:20   | Found the +5 demon whip "Spellbinder" {antimagic, disrupt,
                  | Will+}
 97718 | Zig:21   | Entered Level 21 of a ziggurat
 97975 | Zig:21   | Learned a level 8 spell: Necromutation
 97993 | Zig:21   | Found the +7 staff of the Meek {protect, meekguard}
 98136 | Zig:21   | Identified the staff of conjuration "Lotto" {rElec Will-
                  | rCorr Int+5}
 98144 | Zig:21   | Identified the ring of Calufe {rF+ Will+ Str+4 Int+3
                  | Slay-4}
 98146 | Zig:21   | Identified the +2 short sword of Ru's Benevolence {spect,
                  | Int+4}
 98174 | Zig:21   | Identified the +2 war axe of Deformation {flame, rF+}
 98195 | Zig:22   | Entered Level 22 of a ziggurat
 98209 | Zig:22   | Gained mutation: You are very weak. (Str -4) [a neqoxec]
 98213 | Zig:22   | Reached skill level 10 in Dodging
 98578 | Zig:22   | Identified the ring "Mokoqo Peco" {Contam rElec AC+4 Int+2
                  | Slay+3}
 98592 | Zig:22   | Identified the staff of death "Apeka" {rPois rC+ rN+ SInv}
 98596 | Zig:22   | Identified the +5 spear of Infinity {elec, rElec Int+3}
 98634 | Zig:23   | Entered Level 23 of a ziggurat
 98837 | Zig:23   | Identified the staff of air "Peon" {rElec Str+3}
 98850 | Zig:23   | Identified the ring of the Burgomaster {rF- rN+ rCorr Dex+8
                  | Slay+3}
 98852 | Zig:23   | Identified the ring "Icuoxzem" {rF+ Will+ rCorr Int+4
                  | Slay-3}
 98853 | Zig:23   | Identified the staff of conjuration "Fehehexe" {rF+ Int+3}
 98857 | Zig:23   | Identified the ring of Sunlight {rC+ MP+9 Str+3}
 98875 | Zig:23   | Identified the +3 quarterstaff "Globulus" {distort, rF+}
 98878 | Zig:23   | Identified the staff of earth "Maipn" {rElec Str+5}
 98906 | Zig:24   | Entered Level 24 of a ziggurat
 98959 | Zig:24   | Reached skill level 15 in Conjurations
 99155 | Zig:24   | Identified the +1 dagger of the Golden God {spect, Fragile
                  | rElec rC+}
 99157 | Zig:24   | Identified the ring "Periyk" {rN+ Slay+4}
 99187 | Zig:24   | Acquired 598 gold pieces
 99190 | Zig:24   | Acquired the ring "Keragyrgh" {rElec rF+ MP+9 Dex-2}
 99202 | Zig:25   | Entered Level 25 of a ziggurat
 99533 | Zig:25   | Identified the staff of air "Biwnau Veeme" {rElec Int+5}
 99546 | Zig:25   | Identified the staff of earth "Kolonn" {rF+ Str+3 Int-5
                  | Stlth+}
 99549 | Zig:25   | Identified the +0 pair of gloves "Athoq" {Rampage rPois rC+
                  | Dex-5}
 99552 | Zig:25   | Identified the +7 shortbow of Cyulink {speed, rPois rF+++
                  | Str+4 Stlth-}
 99558 | Zig:25   | Got the Tractate on Ruinous Enchantment
 99593 | Zig:25   | Learned a level 9 spell: Chain Lightning
 99620 | Zig:26   | Entered Level 26 of a ziggurat
 99681 | Zig:26   | Found the +10 Black Knight's barding {ponderous, rPois rN+}
 99684 | Zig:27   | Entered Level 27 of a ziggurat
 99734 | Zig:27   | Reached skill level 15 in Stealth
100004 | Zig:27   | Found the +10 morningstar "Eos" {elec, Halo rElec}
100005 | Zig:27   | Found the +1 cloak of Starlight {*Dazzle EV+4 Stlth--}
100014 | Zig:27   | Identified the ring "Ypetefu" {+Blink Str+6 Int+2}
100035 | Zig:27   | Identified the staff of cold "Gyatejem" {rPois rC+}
100116 | Zot:1    | Entered Level 1 of the Realm of Zot
100557 | Zot:1    | Noticed an orb of fire
100559 | Zot:1    | Gained mutation: You have hidden genetic defects. [an orb
                  | of fire]
100567 | Zot:1    | Killed an orb of fire
101332 | Zot:1    | Lost mutation: You are very weak. (Str -4) [potion of
                  | mutation]
101332 | Zot:1    | Lost mutation: You are strong-willed. (Will+) [potion of
                  | mutation]
101332 | Zot:1    | Gained mutation: Your spells are a little harder to cast,
                  | but a little more powerful. [potion of mutation]
101333 | Zot:1    | Lost mutation: You have hidden genetic defects. [potion of
                  | mutation]
101333 | Zot:1    | Lost mutation: Your mind is acute. (Int +4, Str/Dex -1)
                  | [potion of mutation]
101333 | Zot:1    | Lost mutation: You are weak. (Str -2) [potion of mutation]
101333 | Zot:1    | Gained mutation: Potions are less effective at restoring
                  | your health. [potion of mutation]
101333 | Zot:1    | Gained mutation: You have sharp toenails. [potion of
                  | mutation]
101334 | Zot:1    | Lost mutation: Potions are less effective at restoring your
                  | health. [potion of mutation]
101334 | Zot:1    | Lost mutation: Your spells are a little harder to cast, but
                  | a little more powerful. [potion of mutation]
101334 | Zot:1    | Lost mutation: You have sharp toenails. [potion of
                  | mutation]
101334 | Zot:1    | Gained mutation: You possess an exceptional clarity of
                  | mind. [potion of mutation]
101334 | Zot:1    | Gained mutation: You are weak. (Str -2) [potion of
                  | mutation]
101334 | Zot:1    | Gained mutation: You are agile. (Dex +4, Str/Int -1)
                  | [potion of mutation]
101335 | Zot:1    | Lost mutation: You possess an exceptional clarity of mind.
                  | [potion of mutation]
101335 | Zot:1    | Lost mutation: You are weak. (Str -2) [potion of mutation]
101335 | Zot:1    | Gained mutation: You have a beak for a mouth. [potion of
                  | mutation]
101335 | Zot:1    | Gained mutation: Your spells are a little harder to cast,
                  | but a little more powerful. [potion of mutation]
101335 | Zot:1    | Gained mutation: Your tail ends in a venomous barb. [potion
                  | of mutation]
101335 | Zot:1    | Gained mutation: Your muscles are strong. (Str +4, Int/Dex
                  | -1) [potion of mutation]
102138 | Zot:2    | Found a runed translucent gate.
102252 | Zot:2    | Noticed Adaxemni's ghost (legendary GrFi)
102266 | Zot:2    | Found a runed translucent gate.
102267 | Zot:2    | Found a runed translucent gate.
103047 | Zot:4    | Identified the +1 dagger "Alunkox" {vamp, rElec rCorr}
103836 | Zot:4    | Learned a level 1 spell: Apportation
104010 | Depths:3 | Voluntarily entered the Abyss.
104168 | Abyss:1  | Gained mutation: You occasionally lose the ability to drink
                  | potions when taking damage. [a neqoxec]
104171 | Abyss:1  | Gained mutation: Potions are less effective at restoring
                  | your health. [a neqoxec]
104178 | Abyss:1  | Lost mutation: You have a beak for a mouth. [potion of
                  | mutation]
104178 | Abyss:1  | Lost mutation: Your tail ends in a venomous barb. [potion
                  | of mutation]
104178 | Abyss:1  | Gained mutation: You are strong-willed. (Will+) [potion of
                  | mutation]
104178 | Abyss:1  | Gained mutation: Your mind is acute. (Int +4, Str/Dex -1)
                  | [potion of mutation]
104179 | Abyss:1  | Lost mutation: You are agile. (Dex +4, Str/Int -1) [potion
                  | of mutation]
104179 | Abyss:1  | Lost mutation: Your muscles are strong. (Str +4, Int/Dex
                  | -1) [potion of mutation]
104179 | Abyss:1  | Lost mutation: You occasionally lose the ability to drink
                  | potions when taking damage. [potion of mutation]
104179 | Abyss:1  | Gained mutation: You possess an exceptional clarity of
                  | mind. [potion of mutation]
104179 | Abyss:1  | Gained mutation: You are agile. (Dex +4, Str/Int -1)
                  | [potion of mutation]
104179 | Abyss:1  | Gained mutation: You are partially covered in large bone
                  | plates. (SH +4) [potion of mutation]
104806 | Abyss:1  | Found a corrupted altar of Lugonu.
104855 | Abyss:1  | Found a corrupted altar of Lugonu.
105597 | Abyss:3  | Identified the amulet of the Salamander {Spirit Dex+3}
105840 | Abyss:3  | Reached skill level 15 in Dodging
105884 | Abyss:3  | Gained mutation: You occasionally shout uncontrollably at
                  | your foes. [a cacodemon]
105996 | Abyss:3  | Gained mutation: Your magical capacity is low. (-10% MP) [a
                  | cacodemon]
106331 | Abyss:3  | Found a corrupted altar of Lugonu.
106388 | Abyss:3  | Noticed an ancient lich
106392 | Abyss:3  | Killed an ancient lich
106408 | Abyss:3  | Got an abyssal rune of Zot
106424 | Depths:3 | Escaped the Abyss
106667 | Zot:2    | Killed Adaxemni's ghost
106675 | Zot:2    | Identified the +1 hat "Eqeol" {Harm *Corrode Dex+2}
107433 | Zot:4    | Found the +4 dragonskin cloak
107433 | Zot:4    | Noticed Tiamat
107457 | Zot:4    | Killed Tiamat
107968 | Zot:5    | Entered Level 5 of the Realm of Zot
108542 | Zot:5    | Noticed a dread lich
108575 | Zot:5    | Killed a dread lich
108723 | Zot:5    | Noticed an orb of fire
108741 | Zot:5    | Killed an orb of fire
108754 | Zot:5    | Noticed an orb of fire
108760 | Zot:5    | Killed an orb of fire
108858 | Zot:5    | Noticed an orb of fire
108862 | Zot:5    | Gained mutation: Your magical capacity is very low. (-20%
                  | MP) [an orb of fire]
108866 | Zot:5    | Noticed an orb of fire
108874 | Zot:5    | Lost mutation: Your mind is acute. (Int +4, Str/Dex -1) [an
                  | orb of fire]
108876 | Zot:5    | Killed an orb of fire
108877 | Zot:5    | Killed an orb of fire
109364 | Zot:5    | Noticed an orb of fire
109364 | Zot:5    | Gained mutation: You are frail. (-10% HP) [an orb of fire]
109367 | Zot:5    | Noticed an orb of fire
109368 | Zot:5    | Gained mutation: You occasionally lose the ability to read
                  | scrolls when taking damage. [an orb of fire]
109370 | Zot:5    | Noticed an orb of fire
109370 | Zot:5    | Noticed an orb of fire
109372 | Zot:5    | Killed an orb of fire
109372 | Zot:5    | Killed an orb of fire
109426 | Zot:5    | HP: 10/224 [Orb Guardian (24)]
109802 | Zot:4    | Lost mutation: You are partially covered in large bone
                  | plates. (SH +4) [potion of mutation]
109802 | Zot:4    | Lost mutation: You are agile. (Dex +4, Str/Int -1) [potion
                  | of mutation]
109802 | Zot:4    | Lost mutation: You are strong-willed. (Will+) [potion of
                  | mutation]
109802 | Zot:4    | Gained mutation: You have a pair of small horns on your
                  | head. [potion of mutation]
109802 | Zot:4    | Gained mutation: Your mind is acute. (Int +4, Str/Dex -1)
                  | [potion of mutation]
109803 | Zot:4    | Lost mutation: You occasionally shout uncontrollably at
                  | your foes. [potion of mutation]
109803 | Zot:4    | Lost mutation: You possess an exceptional clarity of mind.
                  | [potion of mutation]
109803 | Zot:4    | Lost mutation: You occasionally lose the ability to read
                  | scrolls when taking damage. [potion of mutation]
109803 | Zot:4    | Gained mutation: Your muscles are strong. (Str +4, Int/Dex
                  | -1) [potion of mutation]
109804 | Zot:4    | Lost mutation: You are frail. (-10% HP) [potion of
                  | mutation]
109804 | Zot:4    | Lost mutation: You have a pair of small horns on your head.
                  | [potion of mutation]
109804 | Zot:4    | Lost mutation: Your magical capacity is very low. (-20% MP)
                  | [potion of mutation]
109804 | Zot:4    | Gained mutation: You have a pair of small antennae on your
                  | head. [potion of mutation]
109804 | Zot:4    | Lost mutation: Your mind is acute. (Int +4, Str/Dex -1)
                  | [potion of mutation]
109805 | Zot:4    | Lost mutation: Your muscles are strong. (Str +4, Int/Dex
                  | -1) [potion of mutation]
109805 | Zot:4    | Lost mutation: Your spells are a little harder to cast, but
                  | a little more powerful. [potion of mutation]
109805 | Zot:4    | Gained mutation: You have sharp fingernails. [potion of
                  | mutation]
109805 | Zot:4    | Gained mutation: You are robust. (+10% HP) [potion of
                  | mutation]
109805 | Zot:4    | Gained mutation: Your magical capacity is very low. (-20%
                  | MP) [potion of mutation]
109805 | Zot:4    | Gained mutation: You have hidden genetic potential. [potion
                  | of mutation]
109806 | Zot:4    | Lost mutation: You have hidden genetic potential. [potion
                  | of mutation]
109806 | Zot:4    | Lost mutation: You have a pair of small antennae on your
                  | head. [potion of mutation]
109806 | Zot:4    | Gained mutation: Your spells are a little easier to cast,
                  | but a little less powerful. [potion of mutation]
109806 | Zot:4    | Lost mutation: You have sharp fingernails. [potion of
                  | mutation]
109806 | Zot:4    | Gained mutation: You have large cloven feet. [potion of
                  | mutation]
109807 | Zot:4    | Lost mutation: You are robust. (+10% HP) [potion of
                  | mutation]
109807 | Zot:4    | Lost mutation: You have large cloven feet. [potion of
                  | mutation]
109807 | Zot:4    | Gained mutation: You have large cloven feet. [potion of
                  | mutation]
109807 | Zot:4    | Gained mutation: You have hoof-like feet. [potion of
                  | mutation]
109808 | Zot:4    | Lost mutation: You have hoof-like feet. [potion of
                  | mutation]
109808 | Zot:4    | Lost mutation: You have large cloven feet. [potion of
                  | mutation]
109808 | Zot:4    | Lost mutation: Your spells are a little easier to cast, but
                  | a little less powerful. [potion of mutation]
109808 | Zot:4    | Gained mutation: You are partially covered in large bone
                  | plates. (SH +4) [potion of mutation]
109808 | Zot:4    | Gained mutation: Potions cannot restore your health.
                  | [potion of mutation]
109930 | Zot:5    | Killed an orb of fire
110047 | Zot:5    | Gained mutation: You are clumsy. (Dex -2) [an orb of fire]
110048 | Zot:5    | Gained mutation: You are weak. (Str -2) [an orb of fire]
110054 | Zot:5    | Killed an orb of fire
110416 | Hell     | Entered the Vestibule of Hell
110416 | Hell     | Noticed Geryon
110973 | Hell     | Killed Geryon
111042 | Hell     | Found a gateway to the freezing wastes of Cocytus.
111145 | Hell     | Found a gateway to the ashen valley of Gehenna.
111223 | Hell     | Found a gateway to the decaying netherworld of Tartarus.
111398 | Hell     | Found a gateway to the Iron City of Dis.
111440 | Hell     | Lost mutation: You are weak. (Str -2) [potion of mutation]
111440 | Hell     | Lost mutation: You are clumsy. (Dex -2) [potion of
                  | mutation]
111440 | Hell     | Lost mutation: Your magical capacity is very low. (-20% MP)
                  | [potion of mutation]
111440 | Hell     | Gained mutation: Your tail ends in a venomous barb. [potion
                  | of mutation]
111440 | Hell     | Gained mutation: You have supernaturally acute eyesight.
                  | (SInv) [potion of mutation]
111441 | Hell     | Lost mutation: Potions cannot restore your health. [potion
                  | of mutation]
111441 | Hell     | Lost mutation: Your tail ends in a venomous barb. [potion
                  | of mutation]
111441 | Hell     | Gained mutation: Your flesh is cold resistant. (rC+)
                  | [potion of mutation]
111441 | Hell     | Gained mutation: Your natural rate of healing is unusually
                  | fast. [potion of mutation]
111442 | Hell     | Lost mutation: Your magical capacity is low. (-10% MP)
                  | [potion of mutation]
111442 | Hell     | Lost mutation: You have supernaturally acute eyesight.
                  | (SInv) [potion of mutation]
111442 | Hell     | Gained mutation: You are somewhat resistant to further
                  | mutation. [potion of mutation]
111442 | Hell     | Gained mutation: You expend magic power (3 MP) to
                  | strengthen your wands. [potion of mutation]
111566 | Coc:1    | Entered Level 1 of Cocytus
112632 | Coc:4    | Paralysed by a wendigo for 1 turns
113380 | Pan      | Entered Pandemonium
113570 | Pan      | Found a transporter.
113572 | Pan      | Found a transporter.
113690 | Pan      | Found a runed translucent door.
113700 | Pan      | Learned a level 8 spell: Maxwell's Capacitive Coupling
114030 | Pan      | Noticed Ziumnypnaula the pandemonium lord
114043 | Pan      | Killed Ziumnypnaula the pandemonium lord
114138 | Pan      | Found a transporter.
114574 | Pan      | Found a transporter.
115242 | Pan      | Identified the ring of Aprurph {Wiz rElec Int+4}
115257 | Pan      | Identified the ring "Ijecwael" {Ice Will+++ Str+4 Int-2
                  | Dex-2}
115853 | Pan      | Noticed Licah the pandemonium lord
115860 | Pan      | Killed Licah the pandemonium lord
115947 | Pan      | Gained mutation: Your body sometimes deteriorates upon
                  | taking damage. [a cacodemon]
116998 | Pan      | Noticed Dorujid the pandemonium lord
117003 | Pan      | Killed Dorujid the pandemonium lord
117541 | Pan      | Got a demonic rune of Zot
117592 | Pan      | Entered the realm of Cerebov.
118460 | Pan      | Identified the +1 triple sword of Voittef {venom, Str+4}
118460 | Pan      | Identified the +2 shadow dragon scales of Taicuxt {Will+
                  | Dex+2 Slay+2 SInv Stlth++++}
118732 | Pan      | Found the +6 sword of Cerebov {flame}
118732 | Pan      | Noticed Cerebov
118741 | Pan      | Killed Cerebov
118883 | Pan      | Identified the staff of cold "Ono Domu" {rC+ rN+ Stlth+}
119118 | Pan      | Got a fiery rune of Zot
119138 | Pan      | Identified the amulet "Kojonuq" {Faith Int+5}
119186 | Pan      | Identified the +4 lajatang "Guted" {holy, MP-9 Dex+4}
119189 | Pan      | Identified the +3 falchion of Coko {heavy, rF+ rN+ Will++
                  | Dex-2}
119262 | Pan      | Identified the +1 trident "Idetut" {heavy, Dex+4}
119960 | Pan      | Identified the +7 dagger "Jellybane" {drain, Will+ Dex+4
                  | Stlth+}
120476 | Pan      | Found an exit through the horrors of the Abyss.
121031 | Depths:1 | Escaped Pandemonium
123240 | Coc:7    | Entered Level 7 of Cocytus
124217 | Coc:7    | Paralysed by a wendigo for 1 turns
124604 | Coc:7    | Paralysed by a wendigo for 1 turns
126403 | Coc:7    | Identified the staff of fire "Siolir" {rElec rF+ rN++ Int-5
                  | Dex+2}
126403 | Coc:7    | Noticed Antaeus
126407 | Coc:7    | Killed Antaeus
126684 | Coc:7    | Got an icy rune of Zot
126714 | Coc:7    | Found the dreamshard necklace {*Dream Drain}
126725 | Coc:7    | Identified the +0 chain mail of Hywodew {rElec}
126945 | Tar:1    | Entered Level 1 of Tartarus
127198 | Tar:2    | Noticed an ancient lich
127198 | Tar:2    | Noticed a dread lich
127198 | Tar:2    | Noticed a dread lich
127198 | Tar:2    | Noticed a dread lich
127202 | Tar:2    | Noticed an ancient lich
127203 | Tar:2    | Killed a dread lich
127205 | Tar:2    | Killed an ancient lich
127205 | Tar:2    | Killed a dread lich
127206 | Tar:2    | Killed a dread lich
127206 | Tar:2    | Killed an ancient lich
127206 | Tar:2    | Noticed a dread lich
127217 | Tar:2    | Killed a dread lich
127306 | Tar:2    | Noticed a dread lich
127308 | Tar:2    | Killed a dread lich
127966 | Pan      | Entered the realm of Gloorx Vloq.
127966 | Pan      | Entered Pandemonium
129620 | Pan      | Noticed Gloorx Vloq
129635 | Pan      | Killed Gloorx Vloq
129844 | Pan      | Got a dark rune of Zot
130281 | Pan      | Entered the realm of Lom Lobon.
130281 | Pan      | Noticed Lom Lobon
130285 | Pan      | Killed Lom Lobon
130493 | Pan      | Got a magical rune of Zot
131005 | Pan      | Reached skill level 1 in Translocations
131170 | Pan      | Found an exit through the horrors of the Abyss.
131724 | Pan      | Noticed Leonuch the pandemonium lord
131731 | Pan      | Killed Leonuch the pandemonium lord
132058 | Pan      | Found an exit through the horrors of the Abyss.
132257 | Pan      | Entered the realm of Mnoleg.
132266 | Pan      | Gained mutation: Your magical capacity is low. (-10% MP) [a
                  | cacodemon]
132981 | Pan      | Found an exit through the horrors of the Abyss.
133097 | Pan      | Noticed Mnoleg
133120 | Pan      | Killed Mnoleg
133181 | Pan      | Gained mutation: You have a pair of small horns on your
                  | head. [a neqoxec]
133285 | Pan      | Got a glowing rune of Zot
133568 | Pan      | Took an exit into the Abyss.
133568 | Abyss:3  | Escaped into the Abyss
133569 | Abyss:3  | Lost mutation: Your natural rate of healing is unusually
                  | fast. [potion of mutation]
133569 | Abyss:3  | Lost mutation: Your body sometimes deteriorates upon taking
                  | damage. [potion of mutation]
133569 | Abyss:3  | Gained mutation: You have a pair of horns on your head.
                  | [potion of mutation]
133570 | Abyss:3  | Lost mutation: You expend magic power (3 MP) to strengthen
                  | your wands. [potion of mutation]
133570 | Abyss:3  | Lost mutation: Your magical capacity is low. (-10% MP)
                  | [potion of mutation]
133881 | Depths:2 | Escaped the Abyss
134097 | Dis:1    | Entered Level 1 of the Iron City of Dis
134475 | Hell     | Learned a level 8 spell: Borgnjor's Revivification
135442 | Dis:1    | You are sucked into a shaft and drop 1 floor!
136738 | Dis:4    | Noticed a dread lich
136738 | Dis:4    | Noticed an ancient lich
136884 | Pan      | Entered Pandemonium
136926 | Pan      | Found an exit through the horrors of the Abyss.
137255 | Pan      | Reached skill level 15 in Necromancy
138115 | Pan      | Noticed Hiuxyedgh the pandemonium lord
138129 | Pan      | Killed Hiuxyedgh the pandemonium lord
139574 | Pan      | Noticed Suagoiqosi the pandemonium lord
140389 | Pan      | Found an exit through the horrors of the Abyss.
140472 | Pan      | Noticed Woemohim the pandemonium lord
140477 | Pan      | Killed Woemohim the pandemonium lord
140583 | Pan      | Noticed Ignacio
140588 | Pan      | Killed Ignacio
140589 | Pan      | Reached skill level 5 in Translocations
141386 | Depths:1 | Escaped Pandemonium
143939 | Temple   | Entered the Ecumenical Temple
144305 | Tomb:1   | Entered Level 1 of the Tomb of the Ancients
145125 | Tomb:1   | Noticed a royal mummy
145276 | Tomb:1   | Killed a royal mummy
146314 | Tomb:1   | Noticed a royal mummy
146323 | Tomb:1   | Killed a royal mummy
146330 | Tomb:1   | Noticed a royal mummy
146337 | Tomb:1   | Killed a royal mummy
146347 | Tomb:1   | Noticed a royal mummy
146349 | Tomb:1   | Noticed a royal mummy
146352 | Tomb:1   | Killed a royal mummy
146353 | Tomb:1   | Noticed a royal mummy
146353 | Tomb:1   | Noticed a royal mummy
146548 | Tomb:1   | Noticed a royal mummy
146549 | Tomb:1   | Killed a royal mummy
146549 | Tomb:1   | Killed a royal mummy
146549 | Tomb:1   | Noticed a royal mummy
146549 | Tomb:1   | Noticed a royal mummy
146554 | Tomb:1   | Killed a royal mummy
146554 | Tomb:1   | Killed a royal mummy
146716 | Tomb:1   | Killed a royal mummy
146717 | Tomb:1   | Killed a royal mummy
146856 | Tomb:1   | Noticed a royal mummy
146859 | Tomb:1   | Killed a royal mummy
147076 | Tomb:1   | Noticed a royal mummy
147084 | Tomb:1   | Killed a royal mummy
147437 | Tomb:1   | Noticed a royal mummy
147438 | Tomb:1   | Noticed a royal mummy
147442 | Tomb:1   | Killed a royal mummy
147442 | Tomb:1   | Killed a royal mummy
147562 | Tomb:1   | Noticed a royal mummy
148022 | Tomb:1   | Killed a royal mummy
148253 | Tomb:1   | Noticed a royal mummy
148306 | Tomb:1   | Killed a royal mummy
149273 | Zot:5    | Got the Orb of Zot
149696 | D:5      | Noticed Cutoxy the pandemonium lord
149722 | D:4      | Noticed Fegus the pandemonium lord
149726 | D:4      | Killed Fegus the pandemonium lord
149842 | D:$      | Escaped with the Orb!

Illustrated notes

Levels and vault maps discovered:
D:1:      spicycebolla_arrival_clurvy, layout_loops_corners, minmay_statues_item
D:2:      layout_basic, basic_altar, chequers_ecumenical_altar_simple,
          chequers_serial_rivers_small_a, interstate_on_off,
          nicolae_hexahallways, minmay_misc_feat_x
D:3:      layout_loops_cross, mainiacjoe_overflow_boulevard,
          mainiacjoe_overflow_alcove_4, nicolae_overflow_hidden_temple,
          minivault_26
D:4:      layout_basic, cheibrodos_sewer_entry_drain
D:5:      layout_loops_corners, grunt_qazlal_sundering,
          ebering_dispersal_statue_hall, nicolae_kite_square_tiling_tiny
D:6:      layout_basic, lemuel_tele_altar, uniq_edmund, uniq_prince_ribbit1
D:7:      layout_basic, mainiacjoe_overflow_small_starburst, temple_hall,
          serial_curves, eino_curves_04, eino_curves_02
D:8:      layout_rooms, nicolae_wu_jian_wuxing_cycle,
          mainiacjoe_overflow_cross_hatched, due_lair_maze_entry_diamond,
          serial_shops, nicolae_shop_overgrown_old_shop, kennysheep_path_1,
          uniq_pikel, uniq_joseph, uniq_amaemon
D:9:      layout_basic, mainiacjoe_overflow_alcove_1, elyvilon_altar_1
D:10:     layout_long_grid, minmay_orc_entry_temple_small, uniq_nergalle
D:11:     layout_basic
D:12:     layout_cross, hive_lemuel
D:13:     minmay_curly_fans, layout_loops_ring, david_vaults_5, minivault_19,
          hangedman_decor_lopped, lemuel_flamethrower_3
D:14:     layout_loops_ring, serial_bayou_shore_a, kiku_gazebo_garden_becter
D:15:     grunt_enter_depths_snipers, layout_basic, st_stairs_2
Temple:   nicolae_temple_bog_church
Lair:1:   layout_misc_corridors, grunt_megastairs_3, lemuel_fruit_tree
Lair:2:   layout_concentric_octagons, spider_nest_entry_funnel_web,
          chequers_serial_rivers_small_a, nzn_masters_of_martial_movement,
          grunt_megastairs_2
Lair:3:   dreamdust_cave_troll, layout_chaotic_city, minmay_swamp_entry_worms,
          minivault_23, grunt_megastairs_4, uniq_josephine
Lair:4:   layout_misc_corridors, slime_entry_2, gauntlet_entry_generic,
          lemuel_fruit_fields, uniq_urug
Lair:5:   cheibrodos_lair_end_hotspot, layout_regular_city, basic_altar,
          serial_bayou_shore_b
Swamp:1:  layout_falls_marsh, evilmike_swamp_ruin_house_6, uniq_nikola
Swamp:2:  layout_basic_swamp, evilmike_swamp_ruin_house_3,
          infiniplex_staircase_pool_2
Swamp:3:  layout_basic_swamp, evilmike_swamp_ruin_rubble_2, swamp_pool4
Swamp:4:  swamp, layout_basic_swamp
Spider:1: layout_spider_delve, nicolae_spider_eight_legs, uniq_jorgrun
Spider:2: layout_spider_delve, guppyfry_spider_mini_3, uniq_aizul
Spider:3: layout_spider_delve, nicolae_spider_cling_halls, uniq_mara
Spider:4: hellmonk_spider_rune_endless_swarm, uniq_louise
Slime:1:  layout_caves, nicolae_slime_getting_an_eyeful
Slime:2:  nicolae_slime_pool, layout_caves
Slime:3:  layout_caves
Slime:4:  cheibrodos_slime_lost_civilization_3, layout_caves
Slime:5
Orc:1:    layout_caves, serial_shops, nicolae_diamond_shop,
          nicolae_orc_pool_cavern, nicolae_orc_stony_grotto
Orc:2:    grunt_orc_cross, layout_caves, nicolae_volcano_entry_hallway,
          nicolae_orc_flooded_monolith, nicolae_orc_lava_room
Elf:1:    eino_elf_arrival_customs, layout_loops_cross, serial_shops, shop,
          minmay_elf_annihilation
Elf:2:    nicolae_elf_blades_splatter_lattice [nicolae_blade_lattice],
          layout_loops_cross, serial_shops, shop, nicolae_shop_behind_doors,
          nicolae_shop_hallway_stairs, shop, evilmike_ambush
          [evilmike_ambush_outer_basic, evilmike_ambush_inner_basic]
Elf:3:    elf_hall, layout_geoelf_octagon,
          nicolae_elf_glass_and_crystal_pillar_2, minivault_26
Vaults:1: vaults_standard_mumra_enter_the_diamond,
          nicolae_vaults_network_periphery, nicolae_vaults_network_square,
          nicolae_vaults_network_star, nicolae_vaults_ring_of_whatevers,
          v_misc_13, nicolae_vaults_specimen_jars, nicolae_vaults_big_ls,
          nicolae_vaults_network_s, ontoclasm_vaults_pinch,
          layout_vaults_maze_bifur
Vaults:2: nicolae_vaults_network_quincunx
          [nicolae_vaults_network_quincunx_subvault,
          nicolae_vaults_network_quincunx_subvault,
          nicolae_vaults_network_quincunx_subvault,
          nicolae_vaults_network_quincunx_subvault,
          nicolae_vaults_network_quincunx_subvault],
          ontoclasm_vaults_decontamination, v_pattern_1, st_lattice,
          vaults_mumra_chevron, blue_anna_dwarven_crypt, nicolae_vaults_arrows,
          nicolae_vaults_puzzle_piece, nicolae_vaults_triangles,
          vaults_mumra_lcd, nicolae_vaults_circle_grid_a, v_alt_pattern_3,
          nicolae_vaults_theta, layout_vaults_big_cross
Vaults:3: v_misc_15, v_misc_16, hangedman_vaults_hat, v_alt_pattern_6,
          v_rooms_6, ontoclasm_vaults_hangar, nicolae_vaults_little_squares_4,
          grunt_vaults_focal, v_alt_pattern_3, v_pattern_2,
          layout_vaults_big_room, serial_shops, shop_fountains
Vaults:4: nicolae_vaults_disjoint_gnomons, v_misc_11,
          nicolae_vaults_angled_halls, nicolae_vaults_alarming,
          hangedman_vaults_stretched_pinwheel, ontoclasm_vaults_fault,
          vaults_dpeg_diagonal, v_alt_pattern_2, v_rooms_5,
          hangedman_vaults_river_flow, nicolae_vaults_meeting,
          grunt_vaults_diagonal, nicolae_vaults_diagonal_hallway_8,
          layout_vaults_omnibox, nicolae_trove_entry_isolated, uniq_zenata
Vaults:5: serial_shops
Crypt:1:  layout_chaotic_city, grunt_crypt_arrival_webbed,
          lemuel_upstairs_altar, uniq_frederick, uniq_mennas
Crypt:2:  layout_gridlike, ebering_ghost_reflecting_pool,
          amcnicky_mini_corridor_feature, roderic_lattice_octagonal_star
Crypt:3:  lightli_unholy_cathedral, layout_chaotic_city,
          nicolae_tomb_entry_unfolded_pyramid_orthogonal, serial_sigils,
          serial_sigils_hangedman_shear, serial_sigils_hangedman_snap,
          serial_sigils_hangedman_confine, serial_sigils_hangedman_shear,
          mu_enter_wizlab_3, basic_altar, grunt_ministairs_6,
          serial_sigils_hangedman_quiver, uniq_grunn
Tomb:1
Depths:1: layout_cave_pools, pf_hell_entry_tar_spiral, pan_entry,
          kennysheep_flooded_box, chequers_serial_rivers_marsh,
          hangedman_abyss_or_decor_stabs, nicolae_sif_muna_condensation,
          uniq_saint_roka
Depths:2: dreamdust_tengu_aerie, layout_gridlike, pf_coc_iceberg,
          grunt_pan_entry_zigzag, minmay_stone_trees_medium,
          hangedman_decor_push
Depths:3: grunt_profane_halls [grunt_profane_temple_tar,
          grunt_profane_temple_dis, grunt_profane_temple_geh,
          grunt_profane_temple_coc, grunt_profane_loot], hell_entry,
          abyss_entry, uniq_margery, uniq_josephina, uniq_xtahua
Depths:4: grunt_zot_entry_gee_three, layout_small_grid, enter_ziggurat_c,
          nrook_mini_backslash, grunt_hell_entry_dis_old,
          rand_demon_pan_entry_9, amcnicky_mini_pool_small, grunt_ministairs_13,
          nrook_uturn, minmay_misc_feat_alley, uniq_jory
Hell
Dis:1:    layout_regular_city, nicolae_dis_spooky_hallway
Dis:2:    layout_jigsaw
Dis:3:    layout_gridville
Dis:4:    layout_regular_city, nicolae_dis_liches_on_tour
Coc:1:    layout_cocytus_delve
Coc:2:    layout_cocytus_water_paths
Coc:3:    layout_cocytus_delve
Coc:4:    layout_ice_bergs
Coc:5:    layout_ice_bergs
Coc:6:    nicolae_coc_city_of_iceburg
Coc:7:    coc_old
Tar:1:    layout_cathedral_of_symmetry
Tar:2:    layout_honeycomb, nicolae_hells_leichenhalle
Tar:3:    layout_grid_maze, nicolae_hells_hurtin_island
Tar:4:    layout_honeycomb
Tar:5:    layout_honeycomb
Tar:6:    layout_honeycomb, evilmike_ambush [evilmike_ambush_outer_basic,
          evilmike_ambush_inner_cross]
Zot:1:    layout_gridlike, grunt_megastairs_5
Zot:2:    layout_twisted_circle, gammafunk_ghost_tricky_traps
Zot:3:    layout_onion_interference
Zot:4:    lemuel_draconian_sentries_small, layout_gridlike, st_stairs_1,
          uniq_tiamat
Zot:5:    layout_misc_corridors

Skill      XL: |  1  2  3  4  5  6  7  8  9 10 11 12 13 14 15 16 17 18 19 20 21 22 23 24 25 26 27 |
---------------+----------------------------------------------------------------------------------+-----
Dodging        | 2 3 4 5 6 7 8 9 23 | 23.3
Fighting       | 2 3 4 5 6 7 8 9 10 13 15 23 | 23.9
Invocations    | 1 2 3 4 5 6 8 9 10 11 12 13 14 15 16 17 18 19 | 19.0
Stealth        | 1 2 3 4 5 6 7 8 9 10 11 20 | 20.4
Transmutations | 3 4 5 6 7 9 10 11 12 13 15 16 17 18 19 20 | 20.0
Unarmed Combat | 4 5 6 7 8 9 10 12 14 16 17 18 24 | 24.4
Spellcasting   | 3 4 5 6 7 8 9 10 11 23 | 23.1
Fire Magic     | 2 4 5 6 7 8 10 11 12 13 16 18 23 | 23.0
Air Magic      | 2 3 4 5 6 7 8 9 10 13 14 15 16 17 18 24 | 24.5
Poison Magic   | 2 5 7 |  7.0
Conjurations   | 1 2 3 4 8 11 13 21 | 21.5
Evocations     | 4 8 11 17 | 17.3
Necromancy     | 1 18 | 18.4
Translocations | 5 |  5.0

Action                     |  1- 3 |  4- 6 |  7- 9 | 10-12 | 13-15 | 16-18 | 19-21 | 22-24 | 25-27 || total
---------------------------+-------+-------+-------+-------+-------+-------+-------+-------+-------++-------
  Melee: Unarmed           |   184 |   330 |   305 |   598 |   803 |   632 |   873 |  1534 |  3557 ||  8816
         Tailslap          |    23 |    47 |    42 |    95 |   159 |    53 |     2 |     6 |    82 ||   509
         Kick              |     2 |     8 |    22 |    24 |    10 |     1 |       |     2 |       ||    69
         Headbutt          |     1 |    12 |    17 |    14 |     6 |     2 |       |       |    19 ||    71
         Punch             |       |     5 |    13 |    29 |    59 |    52 |    95 |   181 |   514 ||   948
         Staff             |       |       |       |       |       |     4 |     9 |    14 |   161 ||   188
  Throw: Dart              |       |       |     4 |    10 |     4 |     1 |       |       |       ||    19
         Javelin           |       |       |       |       |     1 |       |       |       |       ||     1
   Cast: Beastly Appendage |     2 |     9 |    14 |     8 |     2 |     1 |       |       |       ||    36
         Wereblood         |       |       |       |       |     8 |       |    15 |    20 |    10 ||    53
         Olgreb's Toxic Ra |       |       |       |       |    54 |    31 |    29 |     4 |     9 ||   127
         Ignite Poison     |       |       |       |       |    39 |    25 |    23 |     3 |     7 ||    97
         Blade Hands       |       |       |       |       |    37 |    25 |       |     4 |       ||    66
         Irradiate         |       |       |       |       |     5 |    24 |     7 |    20 |    23 ||    79
         Plasma Beam       |       |       |       |       |     1 |   105 |    11 |    29 |   382 ||   528
         Mephitic Cloud    |       |       |       |       |       |     1 |       |       |       ||     1
         Storm Form        |       |       |       |       |       |    34 |    70 |   117 |   266 ||   487
         Passwall          |       |       |       |       |       |     6 |       |     1 |       ||     7
         Blink             |       |       |       |       |       |       |     1 |     6 |    21 ||    28
         Swiftness         |       |       |       |       |       |       |       |       |     1 ||     1
         Ignition          |       |       |       |       |       |       |       |       |   213 ||   213
         Chain Lightning   |       |       |       |       |       |       |       |       |    78 ||    78
         Maxwell's Capacit |       |       |       |       |       |       |       |       |    67 ||    67
         Necromutation     |       |       |       |       |       |       |       |       |    58 ||    58
         Apportation       |       |       |       |       |       |       |       |       |     3 ||     3
 Invoke: Grow Ballistomyce |       |       |     1 |     1 |     6 |     5 |     2 |     6 |     1 ||    22
         Wall of Briars    |       |       |     2 |     7 |    18 |    19 |     3 |    21 |    28 ||    98
         Grow Oklob        |       |       |       |     1 |       |     2 |       |     7 |    12 ||    22
         Overgrow          |       |       |       |       |     1 |       |       |       |     3 ||     4
Ability: Breathe Fire      |       |       |    35 |    77 |    63 |     5 |     1 |       |     1 ||   182
         End Transformatio |       |       |       |       |       |     3 |     1 |     4 |    21 ||    29
         Blinkbolt         |       |       |       |       |       |     4 |     3 |    11 |    72 ||    90
         Evoke Invisibilit |       |       |       |       |       |       |       |       |     6 ||     6
  Evoke: Wand              |       |       |       |     6 |    17 |    16 |     3 |     1 |    49 ||    92
         Condenser vane    |       |       |       |       |     1 |     1 |     1 |       |     5 ||     8
         Phantom mirror    |       |       |       |       |     1 |     1 |       |     1 |     1 ||     4
         Phial of floods   |       |       |       |       |       |     1 |     2 |     3 |     1 ||     7
         Box of beasts     |       |       |       |       |       |       |       |     1 |     2 ||     3
         Tin of tremorston |       |       |       |       |       |       |       |       |    17 ||    17
    Use: Potion            |       |     6 |     3 |     6 |     7 |    19 |     1 |     9 |    73 ||   124
         Scroll            |       |     4 |     3 |     5 |    21 |     7 |     2 |     7 |    56 ||   105
   Stab: Sleeping          |     1 |     1 |     4 |     2 |       |       |     9 |     9 |    11 ||    37
         Distracted        |       |       |       |       |     1 |     1 |     2 |     2 |    23 ||    29
         Confused          |       |       |       |       |       |       |       |     1 |       ||     1
         Invisible         |       |       |       |       |       |       |       |       |     8 ||     8
         Betrayed ally     |       |       |       |       |       |       |       |       |     1 ||     1
 Armour: Skin              |    66 |   285 |   140 |   269 |   278 |   249 |   152 |   286 |  1096 ||  2821
  Dodge: Dodged            |   146 |   283 |   235 |   406 |   594 |   958 |   954 |  1568 |  4513 ||  9657
         Repelled          |       |       |       |       |       |     1 |    12 |    24 |    88 ||   125
  Block: Other             |       |       |       |       |       |       |       |       |   117 ||   117

Table legend: (Time is in decaauts)
 A = Elapsed time spent in this place.
 B = Non-inter-level travel time spent in this place.
 C = Inter-level travel time spent in this place.
 D = Time resting spent in this place.
 E = Time spent auto-exploring this place.
 F = Levels seen in this place.
 G = Mean time per level.
                   A        B        C        D        E       F      G
               +--------+--------+--------+--------+--------+-----+--------+
         Total | 148032 | 136521 |  11511 |  42513 |  63380 | 131 | 1130.0 |
       Dungeon |  24946 |  21488 |   3458 |   5614 |  11800 |  15 | 1663.1 |
        Temple |      1 |      0 |      1 |      0 |      0 |   1 |    1.0 |
          Lair |  10802 |   9495 |   1307 |   2325 |   5404 |   5 | 2160.4 |
         Swamp |   3395 |   3118 |    277 |    382 |   2229 |   4 |  848.8 |
   Spider Nest |   7530 |   7295 |    235 |   3830 |   1951 |   4 | 1882.5 |
    Slime Pits |   3136 |   2927 |    209 |    727 |   1611 |   5 |  627.2 |
  Orcish Mines |   2587 |   2052 |    535 |     29 |   1293 |   2 | 1293.5 |
   Elven Halls |   9253 |   8567 |    686 |   3770 |   3096 |   3 | 3084.3 |
        Vaults |  12293 |  11297 |    996 |   2881 |   6398 |   5 | 2458.6 |
         Crypt |   6637 |   5939 |    698 |   1538 |   2821 |   3 | 2212.3 |
          Tomb |   3932 |   3799 |    133 |   1959 |   1080 |   1 | 3932.0 |
        Depths |  11914 |  10477 |   1437 |   3630 |   4739 |   4 | 2978.5 |
          Hell |   3600 |   3337 |    263 |   2530 |    380 |   1 | 3600.0 |
           Dis |   1404 |   1331 |     73 |    663 |    295 |   4 |  351.0 |
       Cocytus |   6656 |   6240 |    416 |   3477 |   1529 |   7 |  950.9 |
      Tartarus |   2221 |   2125 |     96 |    931 |    657 |   6 |  370.2 |
           Zot |   7685 |   7002 |    683 |   1433 |   4322 |   5 | 1537.0 |
         Abyss |   2578 |   2578 |      0 |    227 |    848 |   4 |  644.5 |
   Pandemonium |  17170 |  17170 |      0 |   3105 |   9537 |  22 |  780.5 |
      Ziggurat |   5894 |   5894 |      0 |   2356 |   1784 |  27 |  218.3 |
         Sewer |    940 |    940 |      0 |    439 |    185 |   1 |  940.0 |
        Wizlab |   1743 |   1743 |      0 |    256 |    900 |   1 | 1743.0 |
      Gauntlet |   1705 |   1705 |      0 |    403 |    517 |   1 | 1705.0 |
               +--------+--------+--------+--------+--------+-----+--------+

Top non-repeatable levels by time:
   Elf:2: 4343 daAuts
  Tomb:1: 3932 daAuts
Vaults:4: 3701 daAuts
  Lair:2: 3668 daAuts
Depths:2: 3649 daAuts
   Coc:7: 3625 daAuts
    Hell: 3600 daAuts
Depths:4: 3549 daAuts
Depths:3: 3536 daAuts
   Elf:3: 3090 daAuts
    D:13: 2894 daAuts
    D:15: 2553 daAuts
 Crypt:3: 2538 daAuts
     D:8: 2478 daAuts
   Zot:4: 2471 daAuts
